Workbook

Sheet Sheet1
B2: Mega Plant Overheads 2026 | L2: Site Costs In Rates | M2: Site Costs P & G | N2: Head Office
B4: Vehicle Costs
B5: Description | C5: GL Account | D5: Suppliers | E5: Qty | F5: P/Unit | G5: Amount | H5: VAT | I5: Total | J5: Plant purchase value excl
B6: AEB Plant Versekering | G6: 29566 | H6: =I6-G6 -> 4434.9 | I6: =G6*1.15 -> 34000.9 | L6: =I6 -> 34000.9 | M6: 0 | N6: 0
B7: CASE TLB | F7: TLB05 | G7: =J7/12 -> 43750 | H7: =I7-G7 -> 6562.5 | I7: =G7*1.15 -> 50312.5 | J7: =750000*0.7 -> 525000 | L7: =I7 -> 50312.5 | M7: 0 | N7: 0
B8: Terex TLB 820 | F8: TLB01 | G8: =J8/12 -> 14583.333 | H8: =I8-G8 -> 2187.5 | I8: =G8*1.15 -> 16770.833 | J8: =250000*0.7 -> 175000 | L8: =I8 -> 16770.833 | M8: 0 | N8: 0
B9: CAT 425F (428E) | F9: TLB02 | G9: =J9/12 -> 20416.667 | H9: =I9-G9 -> 3062.5 | I9: =G9*1.15 -> 23479.167 | J9: =350000*0.7 -> 245000 | L9: =I9 -> 23479.167 | M9: 0 | N9: 0
B10: Terex TLB 820 | F10: TLB03 | G10: =J10/12 -> 14583.333 | H10: =I10-G10 -> 2187.5 | I10: =G10*1.15 -> 16770.833 | J10: =250000*0.7 -> 175000 | L10: =I10 -> 16770.833 | M10: 0 | N10: 0
B11: BELL TLB | F11: TLB04 | G11: =J11/12 -> 17500 | H11: =I11-G11 -> 2625 | I11: =G11*1.15 -> 20125 | J11: =300000*0.7 -> 210000 | L11: =I11 -> 20125 | M11: 0 | N11: 0
B12: CASE420 (430) | F12: SS01 | G12: =J12/12 -> 8750 | H12: =I12-G12 -> 1312.5 | I12: =G12*1.15 -> 10062.5 | J12: =150000*0.7 -> 105000 | L12: =I12 -> 10062.5 | M12: 0 | N12: 0
B13: CASE420 (430) | F13: SS02 | G13: =J13/12 -> 8750 | H13: =I13-G13 -> 1312.5 | I13: =G13*1.15 -> 10062.5 | J13: =150000*0.7 -> 105000 | L13: =I13 -> 10062.5 | M13: 0 | N13: 0
B14: TATTA 6M6 | F14: TP601 | G14: =J14/12 -> 17500 | H14: =I14-G14 -> 2625 | I14: =G14*1.15 -> 20125 | J14: =300000*0.7 -> 210000 | L14: =I14 -> 20125 | M14: 0 | N14: 0
B15: TATTA 6M6 | F15: TP602 | G15: =J15/12 -> 37916.667 | H15: =I15-G15 -> 5687.5 | I15: =G15*1.15 -> 43604.167 | J15: =650000*0.7 -> 455000 | L15: =I15 -> 43604.167 | M15: 0 | N15: 0
B16: MERC | F16: WB01 | G16: =J16/12 -> 5833.3333 | H16: =I16-G16 -> 875 | I16: =G16*1.15 -> 6708.3333 | J16: =100000*0.7 -> 70000 | L16: =I16 -> 6708.3333 | M16: 0 | N16: 0
B17: ISUZU 800 | F17: CT01 | G17: =J17/12 -> 29166.667 | H17: =I17-G17 -> 4375 | I17: =G17*1.15 -> 33541.667 | J17: =500000*0.7 -> 350000 | L17: =I17 -> 33541.667 | M17: 0 | N17: 0
B18: DEZZI GRADER | F18: MG01 | G18: =J18/12 -> 37916.667 | H18: =I18-G18 -> 5687.5 | I18: =G18*1.15 -> 43604.167 | J18: =650000*0.7 -> 455000 | L18: =I18 -> 43604.167 | M18: 0 | N18: 0
B19: SANTUI 20TON EXC | F19: EXC01 | G19: =J19/12 -> 17500 | H19: =I19-G19 -> 2625 | I19: =G19*1.15 -> 20125 | J19: =300000*0.7 -> 210000 | L19: =I19 -> 20125 | M19: 0 | N19: 0
B20: CAT 12TON RV | F20: RV03 | G20: =J20/12 -> 11666.667 | H20: =I20-G20 -> 1750 | I20: =G20*1.15 -> 13416.667 | J20: =200000*0.7 -> 140000 | L20: =I20 -> 13416.667 | M20: 0 | N20: 0
B21: CAT 2,4TON RV | F21: RV01 | G21: =J21/12 -> 11666.667 | H21: =I21-G21 -> 1750 | I21: =G21*1.15 -> 13416.667 | J21: =200000*0.7 -> 140000 | L21: =I21 -> 13416.667 | M21: 0 | N21: 0
B22: ELB 1TON RV | G22: =J22/12 -> 1458.3333 | H22: =I22-G22 -> 218.75 | I22: =G22*1.15 -> 1677.0833 | J22: =25000*0.7 -> 17500 | L22: =I22 -> 1677.0833 | M22: 0 | N22: 0
B23: 30KVA GENERATOR | G23: =J23/12 -> 3500 | H23: =I23-G23 -> 525 | I23: =G23*1.15 -> 4025 | J23: =60000*0.7 -> 42000 | L23: =I23 -> 4025 | M23: 0 | N23: 0
B24: 10 KVA GENERATOR | G24: =J24/12 -> 554.16667 | H24: =I24-G24 -> 83.125 | I24: =G24*1.15 -> 637.29167 | J24: =9500*0.7 -> 6650 | L24: =I24 -> 637.29167 | M24: 0 | N24: 0
B25: 7,5 KVA GENERATOR | G25: =J25/12 -> 455 | H25: =I25-G25 -> 68.25 | I25: =G25*1.15 -> 523.25 | J25: =7800*0.7 -> 5460 | L25: =I25 -> 523.25 | M25: 0 | N25: 0
B26: TRAILOR PLANT | G26: =J26/12 -> 1458.3333 | H26: =I26-G26 -> 218.75 | I26: =G26*1.15 -> 1677.0833 | J26: =25000*0.7 -> 17500 | L26: =I26 -> 1677.0833 | M26: 0 | N26: 0
B27: DIESEL TRAILOR | G27: =J27/12 -> 700 | H27: =I27-G27 -> 105 | I27: =G27*1.15 -> 805 | J27: =12000*0.7 -> 8400 | L27: =I27 -> 805 | M27: 0 | N27: 0
B28: WATER TRAILOR | F28: WT01 | G28: =J28/12 -> 875 | H28: =I28-G28 -> 131.25 | I28: =G28*1.15 -> 1006.25 | J28: =15000*0.7 -> 10500 | L28: =I28 -> 1006.25 | M28: 0 | N28: 0
B29: OFFICE CONTAINER | G29: =J29/12 -> 3791.6667 | H29: =I29-G29 -> 568.75 | I29: =G29*1.15 -> 4360.4167 | J29: =65000*0.7 -> 45500 | L29: =I29 -> 4360.4167 | M29: 0 | N29: 0
B30: OFFICE CONTAINER | G30: =J30/12 -> 2625 | H30: =I30-G30 -> 393.75 | I30: =G30*1.15 -> 3018.75 | J30: =45000*0.7 -> 31500 | L30: =I30 -> 3018.75 | M30: 0 | N30: 0
B31: SITE CONTANER | G31: =J31/12 -> 1633.3333 | H31: =I31-G31 -> 245 | I31: =G31*1.15 -> 1878.3333 | J31: =28000*0.7 -> 19600 | L31: =I31 -> 1878.3333 | M31: 0 | N31: 0
B32: SITE CONTANER | G32: =J32/12 -> 2041.6667 | H32: =I32-G32 -> 306.25 | I32: =G32*1.15 -> 2347.9167 | J32: =35000*0.7 -> 24500 | L32: =I32 -> 2347.9167 | M32: 0 | N32: 0
B33: SITE CONTANER | G33: =J33/12 -> 2041.6667 | H33: =I33-G33 -> 306.25 | I33: =G33*1.15 -> 2347.9167 | J33: =35000*0.7 -> 24500 | L33: =I33 -> 2347.9167 | M33: 0 | N33: 0
B34: SITE CONTANER | G34: =J34/12 -> 2625 | H34: =I34-G34 -> 393.75 | I34: =G34*1.15 -> 3018.75 | J34: =45000*0.7 -> 31500 | L34: =I34 -> 3018.75 | M34: 0 | N34: 0
B35: SITE CONTANER | G35: =J35/12 -> 2041.6667 | H35: =I35-G35 -> 306.25 | I35: =G35*1.15 -> 2347.9167 | J35: =35000*0.7 -> 24500 | L35: =I35 -> 2347.9167 | M35: 0 | N35: 0
B36: SITE CONTANER | G36: =J36/12 -> 2041.6667 | H36: =I36-G36 -> 306.25 | I36: =G36*1.15 -> 2347.9167 | J36: =35000*0.7 -> 24500 | L36: =I36 -> 2347.9167 | M36: 0 | N36: 0
B37: SITE CONTANER | G37: =J37/12 -> 2625 | H37: =I37-G37 -> 393.75 | I37: =G37*1.15 -> 3018.75 | J37: =45000*0.7 -> 31500 | L37: =I37 -> 3018.75 | M37: 0 | N37: 0
B38: Porta camp | G38: =J38/12 -> 1750 | H38: =I38-G38 -> 262.5 | I38: =G38*1.15 -> 2012.5 | J38: =30000*0.7 -> 21000 | L38: =I38 -> 2012.5 | M38: 0 | N38: 0
B39: Porta camp | G39: =J39/12 -> 1750 | H39: =I39-G39 -> 262.5 | I39: =G39*1.15 -> 2012.5 | J39: =30000*0.7 -> 21000 | L39: =I39 -> 2012.5 | M39: 0 | N39: 0
B40: Solar office | G40: =J40/12 -> 291.66667 | H40: =I40-G40 -> 43.75 | I40: =G40*1.15 -> 335.41667 | J40: =5000*0.7 -> 3500 | L40: =I40 -> 335.41667 | M40: 0 | N40: 0
J41: =I41*12 -> 0 | L41: =I41 -> 0 | M41: 0 | N41: 0
G42: =SUM(G6:G40) -> 361325.17 | H42: =SUM(H6:H41) -> 54198.775 | I42: =SUM(I6:I40) -> 415523.94 | J42: =SUM(J7:J40) -> 3981110 | L42: =SUM(L6:L41) -> 415523.94 | M42: =SUM(M6:M41) -> 0 | N42: =SUM(N6:N41) -> 0
B44: Vehicle Costs | J44: Yearly on the road fees | L44: Site Costs In Rates | M44: Site Costs P & G | N44: Head Office
B45: Description | C45: GL Account | D45: Suppliers | E45: Qty | F45: P/Unit | G45: Amount | H45: VAT | I45: Total
B46: Santam versekering | G46: =I46*0.85 -> 4524.074 | H46: =I46-G46 -> 798.366 | I46: =3101.37+2221.07 -> 5322.44 | L46: =I46 -> 5322.44 | N46: 0
B47: Tracking | G47: =I47*0.85 -> 4524.074 | H47: =I47-G47 -> 798.366 | I47: =3101.37+2221.07 -> 5322.44 | L47: =I47 -> 5322.44 | N47: 0
B48: Diesel Truck | F48: DT01 | G48: =J48/12 -> 0 | H48: =I48-G48 -> 0 | I48: =J48/12 -> 0 | L48: =I48 -> 0 | N48: 0
B49: Water truck | F49: WB02 | G49: =J49/12 -> 0 | H49: =I49-G49 -> 0 | I49: =J49/12 -> 0 | L49: =I49 -> 0 | N49: 0
G50: =G49+G48+G46 -> 4524.074 | H50: =H49+H48+H46 -> 798.366 | I50: =I49+I48+I46+I47 -> 10644.88 | L50: =SUM(L46:L49) -> 10644.88 | M50: =SUM(M46:M49) -> 0 | N50: =SUM(N46:N49) -> 0
B52: Vehicle Costs | J52: Yearly on the road fees | L52: Site Costs In Rates | M52: Site Costs P & G | N52: Head Office
B53: Description | C53: GL Account | D53: Suppliers | E53: Qty | F53: P/Unit | G53: Amount | H53: VAT | I53: Total
B54: TLB 4 LL20TW GP - Monthly Finance Costs | C54: Finance Costs | D54: Bastion | F54: TLB06 | G54: 29036.08 | H54: 0 | I54: 29036.08 | L54: =I54 -> 29036.08 | N54: 0
B55: TLB 5 LN58CS GP - Monthly Finance Costs | C55: Finance Costs | D55: Bastion | F55: TLB07 | G55: 29819 | H55: 0 | I55: 29819 | L55: =I55 -> 29819 | N55: 0
B56: Desi Grader - Monthly Finance Costs | C56: Finance Costs | D56: Bastion | F56: MG02 | G56: 19088.95 | H56: 0 | I56: 19088.95 | L56: =I56 -> 19088.95 | N56: 0
B57: Roller - Monthly Finance Cost | C57: Finance Costs | D57: Bastion | F57: RV04 | G57: 28641 | I57: 28641 | L57: =I57 -> 28641 | N57: 0
B58: TLB 4 LL20TW GP - Insurance | C58: Insurance | D58: Bastion | F58: TLB06 | G58: 2088.53 | H58: =G58*15/100 -> 313.2795 | I58: =H58+G58 -> 2401.8095 | L58: =I58 -> 2401.8095 | N58: 0
B59: TLB 5 LN58CS GP - Insurance | C59: Insurance | D59: Bastion | F59: TLB07 | G59: 2432.72 | H59: =G59*15/100 -> 364.908 | I59: =H59+G59 -> 2797.628 | L59: =I59 -> 2797.628 | N59: 0
B60: Desi Grader - Insurance | C60: Insurance | D60: Bastion | F60: MG02 | G60: 2099.21 | H60: =G60*15/100 -> 314.8815 | I60: =H60+G60 -> 2414.0915 | L60: =I60 -> 2414.0915 | N60: 0
B61: Roller - Insurance | C61: Insurance | D61: Bastion | F61: RV04 | G61: 1268.91 | H61: =G61*15/100 -> 190.3365 | I61: =H61+G61 -> 1459.2465 | L61: =I61 -> 1459.2465 | N61: 0
B62: TLB 4 LL20TW GP - Tracker | C62: Tracking | D62: Bastion | F62: TLB06 | G62: 603.92 | H62: =G62*15/100 -> 90.588 | I62: =H62+G62 -> 694.508 | L62: =I62 -> 694.508 | N62: 0
B63: TLB 5 LN58CS GP - Tracker | C63: Tracking | D63: Bastion | F63: TLB07 | G63: 526.43 | H63: =G63*15/100 -> 78.9645 | I63: =H63+G63 -> 605.3945 | L63: =I63 -> 605.3945 | N63: 0
B64: Toyota Bakkie - LD13HZ GP | C64: Finance Costs | D64: Bastion | G64: 7818.18 | H64: =G64*15/100 -> 1172.727 | I64: =H64+G64 -> 8990.907 | L64: =I64 -> 8990.907 | N64: 0
B65: Toyota Bakkie - LD13HZ GP | C65: Insurance | D65: Bastion | G65: 1853.9 | H65: =G65*15/100 -> 278.085 | I65: =H65+G65 -> 2131.985 | L65: =I65 -> 2131.985 | N65: 0
B66: Toyota Bakkie - LD13HZ GP | C66: Tracking | D66: Bastion | G66: 216.91 | H66: =G66*15/100 -> 32.5365 | I66: =H66+G66 -> 249.4465 | L66: =I66 -> 249.4465 | N66: 0
G67: =SUM(G54:G66) -> 125493.74 | H67: =SUM(H54:H66) -> 2836.3065 | I67: =SUM(I54:I66) -> 128330.05 | L67: =SUM(L54:L66) -> 128330.05 | M67: =SUM(M54:M66) -> 0 | N67: =SUM(N54:N66) -> 0
B69: Personel | L69: Site Costs In Rates | M69: Site Costs P & G | N69: Head Office
B70: Description | C70: GL Account | D70: Suppliers | E70: Qty | F70: P/Unit | G70: Amount | H70: VAT | I70: Total
L71: 0 | M71: 0 | N71: 0
L72: 0 | M72: 0 | N72: 0
L73: 0 | M73: 0 | N73: 0
B74: Salaries | I74: =157200+20000 -> 177200 | L74: 0 | M74: 0 | N74: =I74 -> 177200
B75: Opp + Drywers | I75: 235000 | L75: =I75 -> 235000 | M75: 0 | N75: 0
L76: 0 | M76: 0 | N76: 0
G77: =SUM(G71:G76) -> 0 | H77: =SUM(H71:H76) -> 0 | I77: =SUM(I71:I76) -> 412200 | L77: =SUM(L71:L76) -> 235000 | M77: =SUM(M71:M76) -> 0 | N77: =SUM(N71:N76) -> 177200
B79: CCS + Buildsmart | L79: Site Costs In Rates | M79: Site Costs P & G | N79: Head Office
B80: Description | C80: GL Account | D80: Suppliers | E80: Qty | F80: P/Unit | G80: Amount | H80: VAT | I80: Total
B81: Abrie - CCS | C81: CCS | D81: AEB | E81: 1 | F81: 2150 | G81: 2150 | H81: 322.5 | I81: 2472.5 | M81: =I81 -> 2472.5
B82: Charl - CCS | C82: CCS | D82: RIB | E82: 1 | F82: 1970 | G82: 1970 | H82: =G82*1.15 -> 2265.5 | I82: =H82*E82 -> 2265.5 | N82: =I82 -> 2265.5
B83: Buildsmart Yearly update | C83: Buildsmart | D83: Mega infra | E83: 1 | F83: 14827.91 | G83: =E83*F83 -> 14827.91 | H83: =G83*15/100 -> 2224.1865 | I83: =(G83+H83)/12 -> 1421.008 | N83: =I83 -> 1421.008
G84: =SUM(G81:G83) -> 18947.91 | H84: =G84*15/100 -> 2842.1865 | I84: =I83+I82+I81 -> 6159.008 | L84: =L82+L81+L83 -> 0 | M84: =M82+M81+M83 -> 2472.5 | N84: =N82+N81+N83 -> 3686.508
B86: Rent | L86: Site Costs In Rates | M86: Site Costs P & G | N86: Head Office
B87: Description | C87: GL Account | D87: Suppliers | E87: Qty | F87: P/Unit | G87: Amount | H87: VAT | I87: Total
B88: Huur | G88: =I88*0.85 -> 21250 | H88: =I88-G88 -> 3750 | I88: 25000 | N88: =I88 -> 25000
B89: Water & Ligte | G89: =I89*0.85 -> 3230 | H89: =I89-G89 -> 570 | I89: 3800 | N89: =I89 -> 3800
N90: =J70 -> 0
N91: =J71 -> 0
N92: =J74 -> 0
M93: =J75 -> 0
G94: =G93+G92+G91+G90+G89+G88 -> 24480 | H94: =H93+H92+H91+H90+H89+H88 -> 4320 | I94: =I93+I92+I91+I90+I89+I88 -> 28800 | L94: =SUM(L88:L93) -> 0 | M94: =SUM(M88:M93) -> 0 | N94: =SUM(N88:N93) -> 28800
F96: Petty cash | I96: 10000 | J96: Petty Cash | L96: =I96 -> 10000
F97: Maintenance | I97: 100000 | J97: Maintenance | L97: =I97 -> 100000
D98: Total Overhead Cost Montly | G98: =G94+G84+G77+G42+G67+G50 -> 534770.89 | H98: =H94+H84+H77+H42+H67+H50 -> 64995.634 | I98: =I94+I84+I77+I42+I96+I67+I50+I97 -> 1111657.9 | L98: =L94+L77+L67+L50+L42+L84+L96+L97 -> 899498.87 | M98: =M94+M77+M67+M50+M42+M84+M96+M97 -> 2472.5 | N98: =N94+N77+N67+N50+N42+N84+N96+N97 -> 209686.51

Sheet Cost
B2: Mega Plant Overheads 2026
B4: Vehicle Costs
B5: Description | C5: GL Account | D5: Suppliers | E5: Qty | F5: P/Unit | G5: Amount | H5: VAT | I5: Total | J5: Plant purchase value excl
B6: AEB Plant Versekering | G6: 29566 | H6: =I6-G6 -> 4434.9 | I6: =G6*1.15 -> 34000.9
B7: CASE TLB | F7: TLB05 | G7: =J7/12 -> 43750 | H7: =I7-G7 -> 6562.5 | I7: =G7*1.15 -> 50312.5 | J7: =750000*0.7 -> 525000
B8: Terex TLB 820 | F8: TLB01 | G8: =J8/12 -> 14583.333 | H8: =I8-G8 -> 2187.5 | I8: =G8*1.15 -> 16770.833 | J8: =250000*0.7 -> 175000
B9: CAT 425F (428E) | F9: TLB02 | G9: =J9/12 -> 20416.667 | H9: =I9-G9 -> 3062.5 | I9: =G9*1.15 -> 23479.167 | J9: =350000*0.7 -> 245000
B10: Terex TLB 820 | F10: TLB03 | G10: =J10/12 -> 14583.333 | H10: =I10-G10 -> 2187.5 | I10: =G10*1.15 -> 16770.833 | J10: =250000*0.7 -> 175000
B11: BELL TLB | F11: TLB04 | G11: =J11/12 -> 17500 | H11: =I11-G11 -> 2625 | I11: =G11*1.15 -> 20125 | J11: =300000*0.7 -> 210000
B12: CASE420 (430) | F12: SS01 | G12: =J12/12 -> 8750 | H12: =I12-G12 -> 1312.5 | I12: =G12*1.15 -> 10062.5 | J12: =150000*0.7 -> 105000
B13: CASE420 (430) | F13: SS02 | G13: =J13/12 -> 8750 | H13: =I13-G13 -> 1312.5 | I13: =G13*1.15 -> 10062.5 | J13: =150000*0.7 -> 105000
B14: TATTA 6M6 | F14: TP601 | G14: =J14/12 -> 17500 | H14: =I14-G14 -> 2625 | I14: =G14*1.15 -> 20125 | J14: =300000*0.7 -> 210000
B15: TATTA 6M6 | F15: TP602 | G15: =J15/12 -> 37916.667 | H15: =I15-G15 -> 5687.5 | I15: =G15*1.15 -> 43604.167 | J15: =650000*0.7 -> 455000
B16: MERC | F16: WB01 | G16: =J16/12 -> 5833.3333 | H16: =I16-G16 -> 875 | I16: =G16*1.15 -> 6708.3333 | J16: =100000*0.7 -> 70000
B17: ISUZU 800 | F17: CT01 | G17: =J17/12 -> 29166.667 | H17: =I17-G17 -> 4375 | I17: =G17*1.15 -> 33541.667 | J17: =500000*0.7 -> 350000
B18: DEZZI GRADER | F18: MG01 | G18: =J18/12 -> 37916.667 | H18: =I18-G18 -> 5687.5 | I18: =G18*1.15 -> 43604.167 | J18: =650000*0.7 -> 455000
B19: SANTUI 20TON EXC | F19: EXC01 | G19: =J19/12 -> 17500 | H19: =I19-G19 -> 2625 | I19: =G19*1.15 -> 20125 | J19: =300000*0.7 -> 210000
B20: CAT 12TON RV | F20: RV03 | G20: =J20/12 -> 11666.667 | H20: =I20-G20 -> 1750 | I20: =G20*1.15 -> 13416.667 | J20: =200000*0.7 -> 140000
B21: CAT 2,4TON RV | F21: RV01 | G21: =J21/12 -> 11666.667 | H21: =I21-G21 -> 1750 | I21: =G21*1.15 -> 13416.667 | J21: =200000*0.7 -> 140000
B22: ELB 1TON RV | G22: =J22/12 -> 1458.3333 | H22: =I22-G22 -> 218.75 | I22: =G22*1.15 -> 1677.0833 | J22: =25000*0.7 -> 17500
B23: 30KVA GENERATOR | G23: =J23/12 -> 3500 | H23: =I23-G23 -> 525 | I23: =G23*1.15 -> 4025 | J23: =60000*0.7 -> 42000
B24: 10 KVA GENERATOR | G24: =J24/12 -> 554.16667 | H24: =I24-G24 -> 83.125 | I24: =G24*1.15 -> 637.29167 | J24: =9500*0.7 -> 6650
B25: 7,5 KVA GENERATOR | G25: =J25/12 -> 455 | H25: =I25-G25 -> 68.25 | I25: =G25*1.15 -> 523.25 | J25: =7800*0.7 -> 5460
B26: TRAILOR PLANT | G26: =J26/12 -> 1458.3333 | H26: =I26-G26 -> 218.75 | I26: =G26*1.15 -> 1677.0833 | J26: =25000*0.7 -> 17500
B27: DIESEL TRAILOR | G27: =J27/12 -> 700 | H27: =I27-G27 -> 105 | I27: =G27*1.15 -> 805 | J27: =12000*0.7 -> 8400
B28: WATER TRAILOR | F28: WT01 | G28: =J28/12 -> 875 | H28: =I28-G28 -> 131.25 | I28: =G28*1.15 -> 1006.25 | J28: =15000*0.7 -> 10500
B29: OFFICE CONTAINER | G29: =J29/12 -> 3791.6667 | H29: =I29-G29 -> 568.75 | I29: =G29*1.15 -> 4360.4167 | J29: =65000*0.7 -> 45500
B30: OFFICE CONTAINER | G30: =J30/12 -> 2625 | H30: =I30-G30 -> 393.75 | I30: =G30*1.15 -> 3018.75 | J30: =45000*0.7 -> 31500
B31: SITE CONTANER | G31: =J31/12 -> 1633.3333 | H31: =I31-G31 -> 245 | I31: =G31*1.15 -> 1878.3333 | J31: =28000*0.7 -> 19600
B32: SITE CONTANER | G32: =J32/12 -> 2041.6667 | H32: =I32-G32 -> 306.25 | I32: =G32*1.15 -> 2347.9167 | J32: =35000*0.7 -> 24500
B33: SITE CONTANER | G33: =J33/12 -> 2041.6667 | H33: =I33-G33 -> 306.25 | I33: =G33*1.15 -> 2347.9167 | J33: =35000*0.7 -> 24500
B34: SITE CONTANER | G34: =J34/12 -> 2625 | H34: =I34-G34 -> 393.75 | I34: =G34*1.15 -> 3018.75 | J34: =45000*0.7 -> 31500
B35: SITE CONTANER | G35: =J35/12 -> 2041.6667 | H35: =I35-G35 -> 306.25 | I35: =G35*1.15 -> 2347.9167 | J35: =35000*0.7 -> 24500
B36: SITE CONTANER | G36: =J36/12 -> 2041.6667 | H36: =I36-G36 -> 306.25 | I36: =G36*1.15 -> 2347.9167 | J36: =35000*0.7 -> 24500
B37: SITE CONTANER | G37: =J37/12 -> 2625 | H37: =I37-G37 -> 393.75 | I37: =G37*1.15 -> 3018.75 | J37: =45000*0.7 -> 31500
B38: Porta camp | G38: =J38/12 -> 1750 | H38: =I38-G38 -> 262.5 | I38: =G38*1.15 -> 2012.5 | J38: =30000*0.7 -> 21000
B39: Porta camp | G39: =J39/12 -> 1750 | H39: =I39-G39 -> 262.5 | I39: =G39*1.15 -> 2012.5 | J39: =30000*0.7 -> 21000
B40: Solar office | G40: =J40/12 -> 291.66667 | H40: =I40-G40 -> 43.75 | I40: =G40*1.15 -> 335.41667 | J40: =5000*0.7 -> 3500
J41: =I41*12 -> 0
G42: =SUM(G6:G40) -> 361325.17 | H42: =SUM(H6:H41) -> 54198.775 | I42: =SUM(I6:I40) -> 415523.94 | J42: =SUM(J7:J40) -> 3981110 | K42: =J42/12 -> 331759.17 | L42: =J42*1.15 -> 4578276.5
L43: =L42/12 -> 381523.04
B44: Vehicle Costs | J44: Yearly on the road fees
B45: Description | C45: GL Account | D45: Suppliers | E45: Qty | F45: P/Unit | G45: Amount | H45: VAT | I45: Total
B46: Santam versekering | G46: =I46*0.85 -> 4524.074 | H46: =I46-G46 -> 798.366 | I46: =3101.37+2221.07 -> 5322.44
B47: Tracking | G47: =I47*0.85 -> 4524.074 | H47: =I47-G47 -> 798.366 | I47: =3101.37+2221.07 -> 5322.44
B48: Diesel Truck | F48: DT01 | G48: =J48/12 -> 1033.2917 | H48: =I48-G48 -> 0 | I48: =J48/12 -> 1033.2917 | J48: =11376+1023.5 -> 12399.5 | L48: 2200
B49: Water truck | F49: WB02 | G49: =J49/12 -> 3318.1417 | H49: =I49-G49 -> 0 | I49: =J49/12 -> 3318.1417 | J49: =38794.2+1023.5 -> 39817.7 | L49: 3100
G50: =G49+G48+G46 -> 8875.5073 | H50: =H49+H48+H46 -> 798.366 | I50: =I49+I48+I46 -> 9673.8733
B52: Vehicle Costs | J52: Yearly on the road fees
B53: Description | C53: GL Account | D53: Suppliers | E53: Qty | F53: P/Unit | G53: Amount | H53: VAT | I53: Total
B54: TLB 4 LL20TW GP - Monthly Finance Costs | C54: Finance Costs | D54: Bastion | F54: TLB06 | G54: 29036.08 | H54: 0 | I54: 29036.08
B55: TLB 5 LN58CS GP - Monthly Finance Costs | C55: Finance Costs | D55: Bastion | F55: TLB07 | G55: 29819 | H55: 0 | I55: 29819
B56: Desi Grader - Monthly Finance Costs | C56: Finance Costs | D56: Bastion | F56: MG02 | G56: 19088.95 | H56: 0 | I56: 19088.95
B57: Roller - Monthly Finance Cost | C57: Finance Costs | D57: Bastion | F57: RV04 | G57: 28641 | I57: 28641
B58: TLB 4 LL20TW GP - Insurance | C58: Insurance | D58: Bastion | F58: TLB06 | G58: 2088.53 | H58: =G58*15/100 -> 313.2795 | I58: =H58+G58 -> 2401.8095
B59: TLB 5 LN58CS GP - Insurance | C59: Insurance | D59: Bastion | F59: TLB07 | G59: 2432.72 | H59: =G59*15/100 -> 364.908 | I59: =H59+G59 -> 2797.628
B60: Desi Grader - Insurance | C60: Insurance | D60: Bastion | F60: MG02 | G60: 2099.21 | H60: =G60*15/100 -> 314.8815 | I60: =H60+G60 -> 2414.0915
B61: Roller - Insurance | C61: Insurance | D61: Bastion | F61: RV04 | G61: 1268.91 | H61: =G61*15/100 -> 190.3365 | I61: =H61+G61 -> 1459.2465
B62: TLB 4 LL20TW GP - Tracker | C62: Tracking | D62: Bastion | F62: TLB06 | G62: 603.92 | H62: =G62*15/100 -> 90.588 | I62: =H62+G62 -> 694.508
B63: TLB 5 LN58CS GP - Tracker | C63: Tracking | D63: Bastion | F63: TLB07 | G63: 526.43 | H63: =G63*15/100 -> 78.9645 | I63: =H63+G63 -> 605.3945
B64: Toyota Bakkie - LD13HZ GP | C64: Finance Costs | D64: Bastion | G64: 7818.18 | H64: =G64*15/100 -> 1172.727 | I64: =H64+G64 -> 8990.907
B65: Toyota Bakkie - LD13HZ GP | C65: Insurance | D65: Bastion | G65: 1853.9 | H65: =G65*15/100 -> 278.085 | I65: =H65+G65 -> 2131.985
B66: Toyota Bakkie - LD13HZ GP | C66: Tracking | D66: Bastion | G66: 216.91 | H66: =G66*15/100 -> 32.5365 | I66: =H66+G66 -> 249.4465
G67: =SUM(G54:G66) -> 125493.74 | H67: =SUM(H54:H66) -> 2836.3065 | I67: =SUM(I54:I66) -> 128330.05
B69: Personel
B70: Description | C70: GL Account | D70: Suppliers | E70: Qty | F70: P/Unit | G70: Amount | H70: VAT | I70: Total
B71: Attie
B72: Sandrea
B73: Jantjie
I74: 157200
B75: Opp + Drywers | I75: 235000
G77: =SUM(G71:G76) -> 0 | H77: =SUM(H71:H76) -> 0 | I77: 412000
B79: CCS + Buildsmart
B80: Description | C80: GL Account | D80: Suppliers | E80: Qty | F80: P/Unit | G80: Amount | H80: VAT | I80: Total
B81: Abrie - CCS | C81: CCS | D81: AEB | E81: 1 | F81: 2150 | G81: 2150 | H81: 322.5 | I81: 2472.5
B82: Charl - CCS | C82: CCS | D82: RIB | E82: 1 | F82: 1970 | G82: 1970 | H82: =G82*1.15 -> 2265.5 | I82: =H82*E82 -> 2265.5
B83: Buildsmart Yearly update | C83: Buildsmart | D83: Mega infra | E83: 1 | F83: 14827.91 | G83: =E83*F83 -> 14827.91 | H83: =G83*15/100 -> 2224.1865 | I83: =(G83+H83)/12 -> 1421.008
G84: =SUM(G81:G83) -> 18947.91 | H84: =G84*15/100 -> 2842.1865 | I84: =I83+I82+I81 -> 6159.008
B86: Rent
B87: Description | C87: GL Account | D87: Suppliers | E87: Qty | F87: P/Unit | G87: Amount | H87: VAT | I87: Total
B88: Huur | G88: =I88*0.85 -> 21250 | H88: =I88-G88 -> 3750 | I88: 25000
B89: Water & Ligte | G89: =I89*0.85 -> 3230 | H89: =I89-G89 -> 570 | I89: 3800
G94: =G93+G92+G91+G90+G89+G88 -> 24480 | H94: =H93+H92+H91+H90+H89+H88 -> 4320 | I94: =I93+I92+I91+I90+I89+I88 -> 28800
I96: 10000 | J96: Petty Cash
I97: 100000 | J97: Maintenance
D98: Total Overhead Cost Montly | G98: =SUM(I94+I84+I77+I67+I50+I42) -> 1000486.9 | H98: =H94+H84+H77+H42+H67+H50 -> 64995.634 | I98: =I94+I84+I77+I42+I96+I67+I50+I97 -> 1110486.9

Sheet Monthly Running Cost
B2: Plant Monthly Running Cost
B3: Plant | C3: P/Unit | D3: January Monthly Running Cost | F3: February Monthly Running Cost | H3: March Monthly Running Cost | J3: April Monthly Running Cost | L3: May Monthly Running Cost | N3: June Monthly Running Cost | P3: July Monthly Running Cost | R3: August Monthly Running Cost | T3: September Monthly Running Cost | V3: October Monthly Running Cost | X3: November Monthly Running Cost | Z3: December Monthly Running Cost | AB3: Yearly Total Machine Running Cost
B4: Terex TLB 820 | C4: TLB01 | D4: =1897.5 -> 1897.5 | F4: =3349.38+979.8+12988.87+19550+459.2 -> 37327.25 | H4: =3160.1 -> 3160.1 | J4: =451.05 -> 451.05 | P4: =4803.71+2616.56+15500+5261.25 -> 28181.52 | R4: =2195.47 -> 2195.47 | AB4: =SUM(D4:Z4) -> 73212.89
B5: CAT 425F (428E) | C5: TLB02 | H5: =2862+4512 -> 7374 | J5: =8222.5+4874.4 -> 13096.9 | L5: =2990+1938.9+20248 -> 25176.9 | N5: =24+22+30.02+880 -> 956.02 | P5: =25921+10522.5 -> 36443.5 | R5: =71787.28+782+862.5+209.76+4850 -> 78491.54 | AB5: =SUM(D5:Z5) -> 161538.86
B6: Terex TLB 820 | C6: TLB03 | D6: =943.84+2587.5+5635+120+490 -> 9776.34 | F6: =979.8+70+606 -> 1655.8 | J6: =451.05+179.93+136.88 -> 767.86 | L6: =6382.5+2930.62 -> 9313.12 | N6: =1725+15369.75+4288.34 -> 21383.09 | P6: =21283.05+11741.5 -> 33024.55 | R6: =1730.14+2990 -> 4720.14 | AB6: =SUM(D6:Z6) -> 80640.9
B7: BELL TLB | C7: TLB04 | D7: =438.41+304.12+252.05+342.26+136.88 -> 1473.72 | F7: =979.8+11810.5 -> 12790.3 | H7: =9078.78+2990+1455+2398.47 -> 15922.25 | L7: =5049.1+850+438.41+304.12+252.05+136.88 -> 7030.56 | N7: =3800 -> 3800 | R7: =2109.95 -> 2109.95 | AB7: =SUM(D7:Z7) -> 43126.78
B8: CASE TLB | C8: TLB05 | D8: =3059.61+312 -> 3371.61 | F8: =979.8+459.2 -> 1439 | H8: =2422.94 -> 2422.94 | J8: =4887.85 -> 4887.85 | L8: =248 -> 248 | N8: =1052.92 -> 1052.92 | P8: =2740.96+2259.39 -> 5000.35 | AB8: =SUM(D8:Z8) -> 18422.67
B9: CASE TLB | C9: TLB06 | D9: =3315 -> 3315 | F9: =2215+862.5+979.8+3317.03 -> 7374.33 | J9: =1623.34+1339.75+905.72+661.12+346 -> 4875.93 | L9: =7877.5 -> 7877.5 | P9: =2740.96+2259.39+10522.5 -> 15522.85 | AB9: =SUM(D9:Z9) -> 38965.61
B10: CASE TLB | C10: TLB07 | D10: =2506.89+3571.55 -> 6078.44 | F10: =2610.6+862.5+979.8+1440.72+19550+345 -> 25788.62 | H10: =2580.19 -> 2580.19 | J10: =346 -> 346 | L10: =2383.56 -> 2383.56 | P10: =2740.96+2259.39 -> 5000.35 | R10: =782+862.5 -> 1644.5 | AB10: =SUM(D10:Z10) -> 43821.66
B11: CASE420 (430) | C11: SS01 | D11: =220.375+380.385+467.855+310.2 -> 1378.815 | F11: =2794.5 -> 2794.5 | H11: 3226.15 | L11: =1417.57 -> 1417.57 | R11: =1482.35 -> 1482.35 | AB11: =SUM(D11:Z11) -> 10299.385
B12: CASE420 (430) | C12: SS02 | D12: =220.375+380.385+467.855+310.2+7953.4 -> 9332.215 | F12: 2794.5 | L12: =1417.57 -> 1417.57 | P12: =3225 -> 3225 | R12: =6118 -> 6118 | AB12: =SUM(D12:Z12) -> 22887.285
B13: CAT 2,4TON RV | C13: RV01 | D13: =2657.58 -> 2657.58 | F13: =460 -> 460 | J13: =40+850 -> 890 | L13: =650+2100+1495 -> 4245 | N13: =7509.5+24.15+238.82 -> 7772.47 | R13: =2300+1909.71 -> 4209.71 | AB13: =SUM(D13:Z13) -> 20234.76
B14: CAT 12TON RV | C14: RV03 | H14: =110 -> 110 | L14: =962.63 -> 962.63 | P14: =790.57+511.51+1630.61+286.32 -> 3219.01 | AB14: =SUM(D14:Z14) -> 4291.64
B15: Case Compactor | C15: RV04 | D15: =2279.85 -> 2279.85 | F15: =3890 -> 3890 | H15: =3590+2490 -> 6080 | J15: =3280+2862+1978+5310+1972.81+149.5+2060.26+69.99 -> 17682.56 | L15: =734.27 -> 734.27 | N15: =79.9 -> 79.9 | P15: =322.44+440.75+820.49+4656 -> 6239.68 | R15: =782+176.64 -> 958.64 | AB15: =SUM(D15:Z15) -> 37944.9
B16: DEZZI GRADER | C16: MG01 | D16: =763.24+563.35+382.94+1001.96+672.58+385.77+2237.1+2335.65+12789.15+1488.79 -> 22620.53 | F16: =322 -> 322 | H16: =1913 -> 1913 | J16: =2277 -> 2277 | L16: =3940.735 -> 3940.735 | N16: =3871.48+22787.25+2603.6 -> 29262.33 | P16: =2286.43+2210.76 -> 4497.19 | R16: =2868.22+1029.25+4125.935+782+862.5 -> 9667.905 | AB16: =SUM(D16:Z16) -> 74500.69
B17: DEZZI GRADER | C17: MG02 | F17: =322+4020.4 -> 4342.4 | H17: =939.95+4020 -> 4959.95 | J17: =2277 -> 2277 | L17: =2434.55+3940.735 -> 6375.285 | N17: =22787.25 -> 22787.25 | P17: =2292.18+2699.51 -> 4991.69 | R17: =2990+4125.935+782+176.64 -> 8074.575 | AB17: =SUM(D17:Z17) -> 53808.15
B18: ISUZU 800 | C18: CT01 | H18: =4442.16+200+2190+5434.33+7237.47 -> 19503.96 | J18: =400+457 -> 857 | L18: =2451.8+2070+16370.25+2127.5 -> 23019.55 | N18: =19078.5 -> 19078.5 | AB18: =SUM(D18:Z18) -> 62459.01
B19: TATTA 6M3 | C19: TP601 | H19: =2502.2 -> 2502.2 | J19: =2639.25+339.2+1322.5 -> 4300.95 | L19: =84.2+265 -> 349.2 | P19: =275+37722.25+300 -> 38297.25 | R19: =5500+10500 -> 16000 | AB19: =SUM(D19:Z19) -> 61449.6
B20: TATTA 6M3 | C20: TP602 | D20: =1322.5+312 -> 1634.5 | H20: 2502.2 | P20: =2070 -> 2070 | R20: =5108.76 -> 5108.76 | AB20: =SUM(D20:Z20) -> 11315.46
B21: MERC | C21: WB01 | F21: =2330.3 -> 2330.3 | J21: =1586 -> 1586 | L21: =1657.4+735.435 -> 2392.835 | N21: =429 -> 429 | AB21: =SUM(D21:Z21) -> 6738.135
B22: MERC | C22: WB02 | F22: =88147.86 -> 88147.86 | H22: =2472.55 -> 2472.55 | J22: =1586+390+325+84+3854 -> 6239 | L22: =2133.2+735.435 -> 2868.635 | N22: =1023.5+576.71+533.4+318.6+2002+863.71+2971.12+6624+3875.5+9334.09+32184 -> 60306.63 | R22: =4186.58 -> 4186.58 | AB22: =SUM(D22:Z22) -> 164221.25
B23: UD 80 | C23: DT01 | D23: =2606.82 -> 2606.82 | J23: =6402.19+4845.92+37.2+3113.9 -> 14399.21 | L23: =6402.19 -> 6402.19 | N23: =34923.04+1823.5+10334 -> 47080.54 | P23: =799.25 -> 799.25 | R23: =6402.19 -> 6402.19 | AB23: =SUM(D23:Z23) -> 77690.2
B24: SANTUI 20TON EXC | C24: EXC01 | AB24: =SUM(D24:Z24) -> 0
B25: ELB 1TON RV | AB25: =SUM(D25:Z25) -> 0
B26: 10 KVA GENERATOR | AB26: =SUM(D26:Z26) -> 0
B27: 7,5 KVA GENERATOR | AB27: =SUM(D27:Z27) -> 0
B28: TRAILOR PLANT | AB28: =SUM(D28:Z28) -> 0
B29: DIESEL TRAILOR | C29: DB01 | D29: =3113.9 -> 3113.9 | H29: 885 | P29: =1138.22+3683.7+2297.7 -> 7119.62 | AB29: =SUM(D29:Z29) -> 11118.52
B30: WATER TRAILOR | C30: WT01 | AB30: =SUM(D30:Z30) -> 0
B31: WATER TRAILOR | C31: WT02 | N31: =395.4 -> 395.4 | AB31: =SUM(D31:Z31) -> 395.4
B32: OFFICE CONTAINER | AB32: =SUM(D32:Z32) -> 0
B33: OFFICE CONTAINER | AB33: =SUM(D33:Z33) -> 0
B34: SITE CONTANER | AB34: =SUM(D34:Z34) -> 0
B35: SITE CONTANER | AB35: =SUM(D35:Z35) -> 0
B36: SITE CONTANER | AB36: =SUM(D36:Z36) -> 0
B37: SITE CONTANER | AB37: =SUM(D37:Z37) -> 0
B38: SITE CONTANER | AB38: =SUM(D38:Z38) -> 0
B39: SITE CONTANER | AB39: =SUM(D39:Z39) -> 0
B40: SITE CONTANER | AB40: =SUM(D40:Z40) -> 0
B41: Porta camp | AB41: =SUM(D41:Z41) -> 0
B42: Porta camp | AB42: =SUM(D42:Z42) -> 0
B43: Solar office | AB43: =SUM(D43:Z43) -> 0
B44: 30KVA GENERATOR | AB44: =SUM(D44:Z44) -> 0
B45: MB01 | P45: =1673.85+935.76 -> 2609.61 | AB45: =SUM(D45:Z45) -> 2609.61
B46: MB02 | N46: =13350 -> 13350 | P46: =1707.84 -> 1707.84 | AB46: =SUM(D46:Z46) -> 15057.84
D48: January Monthly Running Cost | F48: February Monthly Running Cost | H48: March Monthly Running Cost | J48: April Monthly Running Cost | L48: May Monthly Running Cost | N48: June Monthly Running Cost | P48: July Monthly Running Cost | R48: August Monthly Running Cost | T48: September Monthly Running Cost | V48: October Monthly Running Cost | X48: November Monthly Running Cost | Z48: December Monthly Running Cost | AB48: Yearly Total Machine Running Cost
D49: =SUM(D4:D46) -> 71536.82 | F49: =SUM(F4:F46) -> 191456.86 | H49: =SUM(H4:H46) -> 75614.49 | J49: =SUM(J4:J46) -> 74934.31 | L49: =SUM(L4:L46) -> 106155.11 | N49: =SUM(N4:N46) -> 227734.05 | P49: =SUM(P4:P46) -> 197949.26 | R49: =SUM(R4:R46) -> 151370.31 | T49: =SUM(T4:T46) -> 0 | V49: =SUM(V4:V46) -> 0 | X49: =SUM(X4:X46) -> 0 | Z49: =SUM(Z4:Z46) -> 0 | AB49: =SUM(AB4:AB46) -> 1096751.2

Sheet Machine Fixed Monthly Cost VS I
B2: Cost | H2: Plant Fixed Monthly Cost Including Operator | L2: Plant Fixed Monthly Cost Including Operator | P2: Plant Fixed Monthly Cost Including Operator | T2: Plant Fixed Monthly Cost Including Operator | X2: Plant Fixed Monthly Cost Including Operator | AB2: Plant Fixed Monthly Cost Including Operator | AF2: Plant Fixed Monthly Cost Including Operator | AJ2: Plant Fixed Monthly Cost Including Operator | AN2: Plant Fixed Monthly Cost Including Operator | AR2: Plant Fixed Monthly Cost Including Operator | AV2: Plant Fixed Monthly Cost Including Operator | AZ2: Plant Fixed Monthly Cost Including Operator
B3: Plant | C3: P/Unit | D3: Monthly Payment Excl | E3: VAT | F3: Monthly Payment Incl | H3: January Income | I3: January Fixed Expenses | J3: Profit / Loss | L3: February Income | M3: February Fixed Expenses | N3: Profit / Loss | P3: March Income | Q3: March Fixed Expenses | R3: Profit / Loss | T3: April Income | U3: April Fixed Expenses | V3: Profit / Loss | X3: May Income | Y3: May Fixed Expenses | Z3: Profit / Loss | AB3: June Income | AC3: June Fixed Expenses | AD3: Profit / Loss | AF3: July Income | AG3: July Fixed Expenses | AH3: Profit / Loss | AJ3: August Income | AK3: August Fixed Expenses | AL3: Profit / Loss | AN3: September Income | AO3: September Fixed Expenses | AP3: Profit / Loss | AR3: October Income | AS3: October Fixed Expenses | AT3: Profit / Loss | AV3: November Income | AW3: November Fixed Expenses | AX3: Profit / Loss | AZ3: December Income | BA3: December Fixed Expenses | BB3: Profit / Loss
B4: Terex TLB 820 | C4: TLB01 | D4: 14583.333 | E4: 2187.5 | F4: 16770.833 | H4: =(11340+7700)*1.15 -> 21896 | I4: =16770.83+1300+5620.2 -> 23691.03 | J4: =SUM(H4-I4) -> -1795.03 | L4: =48020*1.15 -> 55223 | M4: =16770.83+1300+10594.4 -> 28665.23 | N4: =SUM(L4-M4) -> 26557.77 | P4: =58940*1.15 -> 67781 | Q4: =16770.83+1300+11078.9 -> 29149.73 | R4: =P4-Q4 -> 38631.27 | T4: =18354+26404 -> 44758 | U4: =16770.83+1300+11466.5 -> 29537.33 | V4: =T4-U4 -> 15220.67 | X4: =49427 -> 49427 | Y4: =16770.83+1300+12144.8 -> 30215.63 | Z4: =X4-Y4 -> 19211.37 | AB4: =49427 -> 49427 | AC4: =16770.83+1300+11563.4 -> 29634.23 | AD4: =AB4-AC4 -> 19792.77 | AF4: =68264 -> 68264 | AG4: =16770.83+1300+11660.3 -> 29731.13 | AH4: =AF4-AG4 -> 38532.87 | AK4: =16770.83+1300+12823.1 -> 30893.93 | AL4: =AJ4-AK4 -> -30893.93 | AO4: =16770.83+1300 -> 18070.83 | AS4: =16770.83+1300 -> 18070.83 | AW4: =16770.83+1300 -> 18070.83 | BA4: =16770.83+1300 -> 18070.83
B5: CAT 425F (428E) | C5: TLB02 | D5: 20416.667 | E5: 3062.5 | F5: 23479.167 | I5: =23479.17+1300+10653.73 -> 35432.9 | J5: =SUM(H5-I5) -> -35432.9 | M5: =23479.17+1300+16323.26 -> 41102.43 | N5: =SUM(L5-M5) -> -41102.43 | Q5: =23479.17+1300+10840.64 -> 35619.81 | R5: =P5-Q5 -> -35619.81 | U5: =23479.17+1300+15430.25 -> 40209.42 | V5: =T5-U5 -> -40209.42 | Y5: =23479.17+1300+16946.28 -> 41725.45 | Z5: =X5-Y5 -> -41725.45 | AC5: =23479.17+1300+18794.59 -> 43573.76 | AD5: =AB5-AC5 -> -43573.76 | AG5: =23479.17+1300+16385.56 -> 41164.73 | AH5: =AF5-AG5 -> -41164.73 | AK5: =23479.17+1300+16676.3 -> 41455.47 | AL5: =AJ5-AK5 -> -41455.47 | AO5: =23479.17+1300 -> 24779.17 | AS5: =23479.17+1300 -> 24779.17 | AW5: =23479.17+1300 -> 24779.17 | BA5: =23479.17+1300 -> 24779.17
B6: Terex TLB 820 | C6: TLB03 | D6: 14583.333 | E6: 2187.5 | F6: 16770.833 | H6: =(12180)*1.15 -> 14007 | I6: =16770.83+1300+6437.2 -> 24508.03 | J6: =SUM(H6-I6) -> -10501.03 | L6: =42000*1.15 -> 48300 | M6: =16770.83+1300+14373.98 -> 32444.81 | N6: =SUM(L6-M6) -> 15855.19 | P6: =56840*1.15 -> 65366 | Q6: =16770.83+1300+12545.23 -> 30616.06 | R6: =P6-Q6 -> 34749.94 | T6: =31395 -> 31395 | U6: =16770.83+1300+12398.93 -> 30469.76 | V6: =T6-U6 -> 925.24 | X6: =38479 -> 38479 | Y6: =16770.83+1300+13441.31 -> 31512.14 | Z6: =X6-Y6 -> 6966.86 | AB6: =55867 -> 55867 | AC6: =16770.83+1300+15178.63 -> 33249.46 | AD6: =AB6-AC6 -> 22617.54 | AF6: =9177 -> 9177 | AG6: =16770.83+1300+12728.1 -> 30798.93 | AH6: =AF6-AG6 -> -21621.93 | AJ6: =50876 -> 50876 | AK6: =16770.83+1300+16001.56 -> 34072.39 | AL6: =AJ6-AK6 -> 16803.61 | AO6: =16770.83+1300 -> 18070.83 | AS6: =16770.83+1300 -> 18070.83 | AW6: =16770.83+1300 -> 18070.83 | BA6: =16770.83+1300 -> 18070.83
B7: BELL TLB | C7: TLB04 | D7: 17500 | E7: 2625 | F7: 20125 | H7: =(28980)*1.15 -> 33327 | I7: =20125+1300+5620.2 -> 27045.2 | J7: =SUM(H7-I7) -> 6281.8 | L7: =46620*1.15 -> 53613 | M7: =20125+1300+12726.2 -> 34151.2 | N7: =SUM(L7-M7) -> 19461.8 | P7: =34860*1.15 -> 40089 | Q7: =20125+1300+10755.9 -> 32180.9 | R7: =P7-Q7 -> 7908.1 | T7: 50071 | U7: =20125+1300+11837.95 -> 33262.95 | V7: =T7-U7 -> 16808.05 | X7: =56994 -> 56994 | Y7: =20125+1300+13905.15 -> 35330.15 | Z7: =X7-Y7 -> 21663.85 | AB7: 44275 | AC7: =20125+1300+13840.55 -> 35265.55 | AD7: =AB7-AC7 -> 9009.45 | AF7: =71484 -> 71484 | AG7: =20125+1300+13162.25 -> 34587.25 | AH7: =AF7-AG7 -> 36896.75 | AJ7: 50554 | AK7: =20125+1300+13452.95 -> 34877.95 | AL7: 15676.05 | AO7: =20125+1300 -> 21425 | AS7: =20125+1300 -> 21425 | AW7: =20125+1300 -> 21425 | BA7: =20125+1300 -> 21425
B8: CASE TLB | C8: TLB05 | D8: 43750 | E8: 6562.5 | F8: 50312.5 | H8: =(4620+12180+12180)*1.15 -> 33327 | I8: =50312.5+1300+5705.7 -> 57318.2 | J8: =SUM(H8-I8) -> -23991.2 | L8: =46340*1.15 -> 53291 | M8: =50312.5+1300+11228.53 -> 62841.03 | N8: =SUM(L8-M8) -> -9550.03 | P8: =54180*1.15 -> 62307 | Q8: =50312.5+1300+12545.23 -> 64157.73 | R8: =P8-Q8 -> -1850.73 | T8: 44275 | U8: =50312.5+1300+11996.6 -> 63609.1 | V8: =T8-U8 -> -19334.1 | X8: =49266 -> 49266 | Y8: =50312.5+1300+14044.8 -> 65657.3 | Z8: =X8-Y8 -> -16391.3 | AB8: 61663 | AC8: =50312.5+1300+16550.19 -> 68162.69 | AD8: =AB8-AC8 -> -6499.69 | AF8: =16100+52325 -> 68425 | AG8: =50312.5+1300+13368.16 -> 64980.66 | AH8: =AF8-AG8 -> 3444.34 | AJ8: =53613 -> 53613 | AK8: =50312.5+1300+15196.91 -> 66809.41 | AL8: -13196.41 | AO8: =50312.5+1300 -> 51612.5 | AS8: =50312.5+1300 -> 51612.5 | AW8: =50312.5+1300 -> 51612.5 | BA8: =50312.5+1300 -> 51612.5
B9: CASE TLB | C9: TLB06 | F9: 29036.28 | H9: =(28980)*1.15 -> 33327 | I9: =29036.28+2401.81+5620.2 -> 37058.29 | J9: =SUM(H9-I9) -> -3731.29 | L9: =47628*1.15 -> 54772.2 | M9: =29036.28+2401.81+12661.6 -> 44099.69 | N9: =SUM(L9-M9) -> 10672.51 | P9: =55580*1.15 -> 63917 | Q9: =29036.28+2401.81+9883.8 -> 41321.89 | R9: =P9-Q9 -> 22595.11 | T9: =47817 -> 47817 | U9: =29036.28+2401.81+11078.9 -> 42516.99 | V9: =T9-U9 -> 5300.01 | X9: =45724 -> 45724 | Y9: =29036.28+2401.81+11563.4 -> 43001.49 | Z9: =X9-Y9 -> 2722.51 | AB9: =49427 -> 49427 | AC9: =29036.28+2401.81+11837.95 -> 43276.04 | AD9: =AB9-AC9 -> 6150.96 | AF9: =68747 -> 68747 | AG9: =29036.28+2401.81+11563.4 -> 43001.49 | AH9: =AF9-AG9 -> 25745.51 | AJ9: =51037 -> 51037 | AK9: =29036.28+2401.81+13872.85 -> 45310.94 | AL9: 5726.06 | AO9: =29036.28+2401.81 -> 31438.09 | AS9: =29036.28+2401.81 -> 31438.09 | AW9: =29036.28+2401.81 -> 31438.09 | BA9: =29036.28+2401.81 -> 31438.09
B10: CASE TLB | C10: TLB07 | F10: 29819 | H10: =(28980)*1.15 -> 33327 | I10: =29819+2797.63+5620.2 -> 38236.83 | J10: =SUM(H10-I10) -> -4909.83 | L10: =(42420+5040)*1.15 -> 54579 | M10: =29819+2797.63+12726.2 -> 45342.83 | N10: =SUM(L10-M10) -> 9236.17 | P10: =52780*1.15 -> 60697 | Q10: =29819+2797.63+11078.9 -> 43695.53 | R10: =P10-Q10 -> 17001.47 | T10: =43631 -> 43631 | U10: =29819+2797.63+9334.7 -> 41951.33 | V10: =T10-U10 -> 1679.67 | X10: =36869+16583 -> 53452 | Y10: =29819+2797.63+4199+1620 -> 38435.63 | Z10: =X10-Y10 -> 15016.37 | AB10: 55062 | AC10: =29819+2797.63+11730 -> 44346.63 | AD10: =AB10-AC10 -> 10715.37 | AF10: =73577 -> 73577 | AG10: =29819+2797.63+12225 -> 44841.63 | AH10: =AF10-AG10 -> 28735.37 | AJ10: =51520 -> 51520 | AK10: =29819+2797.63+12045 -> 44661.63 | AL10: 6858.37 | AO10: =29819+2797.63 -> 32616.63 | AS10: =29819+2797.63 -> 32616.63 | AW10: =29819+2797.63 -> 32616.63 | BA10: =29819+2797.63 -> 32616.63
B11: CASE420 (430) | C11: SS01 | D11: 8750 | E11: 1312.5 | F11: 10062.5 | H11: =(8700+10800+3000)*1.15 -> 25875 | I11: =10062.5+1300+7315.95 -> 18678.45 | J11: =SUM(H11-I11) -> 7196.55 | L11: =25900*1.15 -> 29785 | M11: =10062.5+1300+12144.8 -> 23507.3 | N11: =SUM(L11-M11) -> 6277.7 | P11: =35500*1.15 -> 40825 | Q11: =10062.5+1300+11078.9 -> 22441.4 | R11: =P11-Q11 -> 18383.6 | T11: =34500 -> 34500 | U11: =10062.5+1300+11078.9 -> 22441.4 | V11: =T11-U11 -> 12058.6 | X11: =32775 -> 32775 | Y11: =10062.5+1300+11563.4 -> 22925.9 | Z11: =X11-Y11 -> 9849.1 | AB11: =38065 -> 38065 | AC11: =10062.5+1300+13388.35 -> 24750.85 | AD11: =AB11-AC11 -> 13314.15 | AF11: =47840 -> 47840 | AG11: =10062.5+1300+10045.3 -> 21407.8 | AH11: =AF11-AG11 -> 26432.2 | AJ11: 35880 | AK11: =10062.5+1300+13695.2 -> 25057.7 | AL11: 10822.3 | AO11: =10062.5+1300 -> 11362.5 | AS11: =10062.5+1300 -> 11362.5 | AW11: =10062.5+1300 -> 11362.5 | BA11: =10062.5+1300 -> 11362.5
B12: CASE420 (430) | C12: SS02 | D12: 8750 | E12: 1312.5 | F12: 10062.5 | I12: =10062.5+1300+6492.3 -> 17854.8 | J12: =SUM(H12-I12) -> -17854.8 | L12: =32000*1.15 -> 36800 | M12: =10062.5+1300+12726.2 -> 24088.7 | N12: =SUM(L12-M12) -> 12711.3 | P12: =36100*1.15 -> 41515 | Q12: =10062.5+1300+11078.9 -> 22441.4 | R12: =P12-Q12 -> 19073.6 | T12: 34385 | U12: =10062.5+1300+11078.9 -> 22441.4 | V12: =T12-U12 -> 11943.6 | X12: 33350 | Y12: =10062.5+1300+12144.8 -> 23507.3 | Z12: =X12-Y12 -> 9842.7 | AB12: 35190 | AC12: =10062.5+1300+11563.4 -> 22925.9 | AD12: =AB12-AC12 -> 12264.1 | AF12: =13570+31740 -> 45310 | AG12: =10062.5+1300+10497.5 -> 21860 | AH12: =AF12-AG12 -> 23450 | AJ12: =33695 -> 33695 | AK12: =10062.5+1300+12823.1 -> 24185.6 | AL12: 9509.4 | AO12: =10062.5+1300 -> 11362.5 | AS12: =10062.5+1300 -> 11362.5 | AW12: =10062.5+1300 -> 11362.5 | BA12: =10062.5+1300 -> 11362.5
B13: CAT 2,4TON RV | C13: RV01 | D13: 11666.667 | E13: 1750 | F13: 13416.667 | I13: =13416.67+1300 -> 14716.67 | J13: =SUM(H13-I13) -> -14716.67 | L13: =14152.5*1.15 -> 16275.375 | M13: =13416.67+1300 -> 14716.67 | N13: =SUM(L13-M13) -> 1558.705 | P13: =36260*1.15 -> 41699 | Q13: =13416.67+1300 -> 14716.67 | R13: =P13-Q13 -> 26982.33 | T13: =31593.38 -> 31593.38 | U13: =13416.67+1300 -> 14716.67 | V13: =T13-U13 -> 16876.71 | X13: =31699.75 -> 31699.75 | Y13: =13416.67+1300 -> 14716.67 | Z13: =X13-Y13 -> 16983.08 | AB13: =20104.88 -> 20104.88 | AC13: =13416.67+1300 -> 14716.67 | AD13: =AB13-AC13 -> 5388.21 | AF13: =47017.75 -> 47017.75 | AG13: =13416.67+1300 -> 14716.67 | AH13: =AF13-AG13 -> 32301.08 | AJ13: =33614.5 -> 33614.5 | AK13: =13416.67+1300 -> 14716.67 | AL13: 18897.83 | AO13: =13416.67+1300 -> 14716.67 | AS13: =13416.67+1300 -> 14716.67 | AW13: =13416.67+1300 -> 14716.67 | BA13: =13416.67+1300 -> 14716.67
B14: CAT 12TON RV | C14: RV03 | D14: 11666.667 | E14: 1750 | F14: 13416.667 | H14: =(4800+10440+10440)*1.15 -> 29532 | I14: =13416.67+1300 -> 14716.67 | J14: =SUM(H14-I14) -> 14815.33 | L14: =41160*1.15 -> 47334 | M14: =13416.67+1300 -> 14716.67 | N14: =SUM(L14-M14) -> 32617.33 | P14: =47040*1.15 -> 54096 | Q14: =13416.67+1300 -> 14716.67 | R14: =P14-Q14 -> 39379.33 | T14: 40986 | U14: =13416.67+1300 -> 14716.67 | V14: =T14-U14 -> 26269.33 | X14: =41538 -> 41538 | Y14: =13416.67+1300 -> 14716.67 | Z14: =X14-Y14 -> 26821.33 | AB14: =52440 -> 52440 | AC14: =13416.67+1300 -> 14716.67 | AD14: =AB14-AC14 -> 37723.33 | AF14: =12006+44988 -> 56994 | AG14: =13416.67+1300 -> 14716.67 | AH14: =AF14-AG14 -> 42277.33 | AJ14: =46644 -> 46644 | AK14: =13416.67+1300 -> 14716.67 | AL14: 31927.33 | AO14: =13416.67+1300 -> 14716.67 | AS14: =13416.67+1300 -> 14716.67 | AW14: =13416.67+1300 -> 14716.67 | BA14: =13416.67+1300 -> 14716.67
B15: Case Compactor | C15: RV04 | F15: =28641 -> 28641 | I15: =28641+1459.25+8204.2 -> 38304.45 | J15: =SUM(H15-I15) -> -38304.45 | L15: =29160*1.15 -> 33534 | M15: =28641+1459.25+12112.5 -> 42212.75 | N15: =SUM(L15-M15) -> -8678.75 | P15: =50280*1.15 -> 57822 | Q15: =28641+1459.25+10594.4 -> 40694.65 | R15: =P15-Q15 -> 17127.35 | T15: =11040 -> 11040 | U15: =28641+1459.25+12047.9 -> 42148.15 | V15: =T15-U15 -> -31108.15 | X15: =41952 -> 41952 | Y15: =28641+1459.25+12144.8 -> 42245.05 | Z15: =X15-Y15 -> -293.05 | AB15: =42366 -> 42366 | AC15: =28641+1459.25+12112.5 -> 42212.75 | AD15: =AB15-AC15 -> 153.25 | AF15: =58788 -> 58788 | AG15: =28641+1459.25+11660.3 -> 41760.55 | AH15: =AF15-AG15 -> 17027.45 | AJ15: =41124 -> 41124 | AK15: =28641+1459.25+12241.7 -> 42341.95 | AL15: -1217.95 | AO15: =28641+1459.25 -> 30100.25 | AS15: =28641+1459.25 -> 30100.25 | AW15: =28641+1459.25 -> 30100.25 | BA15: =28641+1459.25 -> 30100.25
B16: DEZZI GRADER | C16: MG01 | D16: 37916.667 | E16: 5687.5 | F16: 43604.167 | H16: =(35707.5)*1.15 -> 41063.625 | I16: =43604.17+1300+5620.2 -> 50524.37 | J16: =SUM(H16-I16) -> -9460.745 | L16: =52612.5*1.15 -> 60504.375 | M16: =43604.17+1300+12726.2 -> 57630.37 | N16: =SUM(L16-M16) -> 2874.005 | P16: =67792.5*1.15 -> 77961.375 | Q16: =43604.17+1300+13267.55 -> 58171.72 | R16: =P16-Q16 -> 19789.655 | T16: =59512.5 -> 59512.5 | U16: =43604.17+1300+11175.8 -> 56079.97 | V16: =T16-U16 -> 3432.53 | X16: 59710.88 | Y16: =43604.17+1300+12403.2 -> 57307.37 | Z16: =X16-Y16 -> 2403.51 | AB16: =75580.88 -> 75580.88 | AC16: =43604.17+1300+11563.4 -> 56467.57 | AD16: =AB16-AC16 -> 19113.31 | AF16: =51775.88+29557.88 -> 81333.76 | AG16: =43604.17+1300+11337.3 -> 56241.47 | AH16: =AF16-AG16 -> 25092.29 | AJ16: =60702.75 -> 60702.75 | AK16: =43604.17+1300+15408.71 -> 60312.88 | AL16: 389.87 | AO16: =43604.17+1300 -> 44904.17 | AS16: =43604.17+1300 -> 44904.17 | AW16: =43604.17+1300 -> 44904.17 | BA16: =43604.17+1300 -> 44904.17
B17: DEZZI GRADER | C17: MG02 | F17: =19088.95 -> 19088.95 | H17: =(41400)*1.15 -> 47610 | I17: =19088.95+2414.09+8660.23 -> 30163.27 | J17: =SUM(H17-I17) -> 17446.73 | L17: =56752.5*1.15 -> 65265.375 | M17: =19088.95+2414.09+15141.06 -> 36644.1 | N17: =SUM(L17-M17) -> 28621.275 | P17: =66412.5*1.15 -> 76374.375 | Q17: =19088.95+2414.09+10594.4 -> 32097.44 | R17: =P17-Q17 -> 44276.935 | T17: =22019.63+36699.38 -> 58719.01 | U17: =19088.95+2414.09+13076.37 -> 34579.41 | V17: =T17-U17 -> 24139.6 | X17: 59710.88 | Y17: =19088.95+2414.09+14873.42 -> 36376.46 | Z17: =X17-Y17 -> 23334.42 | AB17: 74192.25 | AC17: =19088.95+2414.09+17301.34 -> 38804.38 | AD17: =AB17-AC17 -> 35387.87 | AF17: =7141.5+86888.25 -> 94029.75 | AG17: =19088.95+2414.09+14146.95 -> 35649.99 | AH17: =AF17-AG17 -> 58379.76 | AJ17: =29161.13+20631 -> 49792.13 | AK17: =19088.95+2414.09+12241.7 -> 33744.74 | AL17: 16047.39 | AO17: =19088.95+2414.09 -> 21503.04 | AS17: =19088.95+2414.09 -> 21503.04 | AW17: =19088.95+2414.09 -> 21503.04 | BA17: =19088.95+2414.09 -> 21503.04
B18: ISUZU 800 | C18: CT01 | D18: 29166.667 | E18: 4375 | F18: 33541.667 | H18: =16330+4887.5+4025+22827.5+6555+9775+4887.5 -> 69287.5 | I18: =33541.67+4922.42+6802.95 -> 45267.04 | J18: =SUM(H18-I18) -> 24020.46 | L18: =77850*1.15 -> 89527.5 | M18: =33541.67+4922.42 -> 38464.09 | N18: =SUM(L18-M18) -> 51063.41 | P18: =(4250+3500+4250+17000+25200+10500+6600)*1.15 -> 81995 | Q18: =33541.67+4922.42 -> 38464.09 | R18: =P18-Q18 -> 43530.91 | T18: =4887.5+4887.5+4887.5+4887.5+4887.5+4887.5+4887.5+4887.5+4025+4887.5+4887.5+16836 -> 69736 | U18: =33541.67+4922.42+11934 -> 50398.09 | V18: =T18-U18 -> 19337.91 | X18: =32269+7820+7820+8809+7820 -> 64538 | Y18: =33541.67+4922.42+13430 -> 51894.09 | Z18: =X18-Y18 -> 12643.91 | AB18: 60260 | AC18: =33541.67+4922.42+13753 -> 52217.09 | AD18: =AB18-AC18 -> 8042.91 | AF18: =28175+9775+8625+9775+4887.5+4887.5+5175+4887.5 -> 76187.5 | AG18: =33541.67+4922.42+14212 -> 52676.09 | AH18: =AF18-AG18 -> 23511.41 | AJ18: =72392.5 -> 72392.5 | AK18: =33541.67+4922.42+14620 -> 53084.09 | AL18: 19308.41 | AO18: =33541.67+4922.42 -> 38464.09 | AS18: =33541.67+4922.42 -> 38464.09 | AW18: =33541.67+4922.42 -> 38464.09 | BA18: =33541.67+4922.42 -> 38464.09
B19: TATTA 6M3 | C19: TP601 | D19: 17500 | E19: 2625 | F19: 20125 | H19: =(11310)*1.15 -> 13006.5 | I19: =20125+4729.85+5620.2 -> 30475.05 | J19: =SUM(H19-I19) -> -17468.55 | L19: =41600*1.15 -> 47840 | M19: =20125+4729.85+12726.2 -> 37581.05 | N19: =SUM(L19-M19) -> 10258.95 | P19: =47710*1.15 -> 54866.5 | Q19: =20125+4729.85+11078.9 -> 35933.75 | R19: =P19-Q19 -> 18932.75 | T19: =44401.5 -> 44401.5 | U19: =20125+4729.85+11046.6 -> 35901.45 | V19: =T19-U19 -> 8500.05 | X19: =44102.5 -> 44102.5 | Y19: =20125+4729.85+11078.9 -> 35933.75 | Z19: =X19-Y19 -> 8168.75 | AB19: =47840 -> 47840 | AC19: =20125+4729.85+11563.4 -> 36418.25 | AD19: =AB19-AC19 -> 11421.75 | AF19: =34684 -> 34684 | AG19: =20125+4729.85+10336 -> 35190.85 | AH19: =AF19-AG19 -> -506.85 | AK19: =20125+4729.85+11337.3 -> 36192.15 | AL19: -36192.15 | AO19: =20125+4729.85 -> 24854.85 | AS19: =20125+4729.85 -> 24854.85 | AW19: =20125+4729.85 -> 24854.85 | BA19: =20125+4729.85 -> 24854.85
B20: TATTA 6M3 | C20: TP602 | D20: 37916.667 | E20: 5687.5 | F20: 43604.167 | H20: =(4290+11310+11310+7020)*1.15 -> 39019.5 | I20: =43604.17+4729.85+5587.9 -> 53921.92 | J20: =SUM(H20-I20) -> -14902.42 | L20: =41730*1.15 -> 47989.5 | M20: =43604.17+4729.85+12661.6 -> 60995.62 | N20: =SUM(L20-M20) -> -13006.12 | P20: =47580*1.15 -> 54717 | Q20: =43604.17+4729.85+10368.3 -> 58702.32 | R20: =P20-Q20 -> -3985.32 | T20: =42159 -> 42159 | U20: =43604.17+4729.85+10077.6 -> 58411.62 | V20: =T20-U20 -> -16252.62 | X20: =44401.5 -> 44401.5 | Y20: =43604.17+4729.85+12274 -> 60608.02 | Z20: =X20-Y20 -> -16206.52 | AB20: =55016 -> 55016 | AC20: =43604.17+4729.85+14292.75 -> 62626.77 | AD20: =AB20-AC20 -> -7610.77 | AF20: =43953+17641 -> 61594 | AG20: =43604.17+4729.85+11660.3 -> 59994.32 | AH20: =AF20-AG20 -> 1599.68 | AJ20: 50082.5 | AK20: =43604.17+4729.85+12952.3 -> 61286.32 | AL20: -11203.82 | AO20: =43604.17+4729.85 -> 48334.02 | AS20: =43604.17+4729.85 -> 48334.02 | AW20: =43604.17+4729.85 -> 48334.02 | BA20: =43604.17+4729.85 -> 48334.02
B21: MERC | C21: WB01 | D21: 5833.3333 | E21: 875 | F21: 6708.3333 | H21: =(23805)*1.15 -> 27375.75 | I21: =6708.33+1137.83+5620.2 -> 13466.36 | J21: =SUM(H21-I21) -> 13909.39 | L21: =39445*1.15 -> 45361.75 | M21: =6708.33+1137.83+12726.2 -> 20572.36 | N21: =SUM(L21-M21) -> 24789.39 | P21: =48070*1.15 -> 55280.5 | Q21: =6708.33+1137.83+11078.9 -> 18925.06 | R21: =P21-Q21 -> 36355.44 | T21: =15076.5+28566 -> 43642.5 | U21: =6708.33+1137.83+13016.9 -> 20863.06 | V21: =T21-U21 -> 22779.44 | X21: =41262 -> 41262 | Y21: =6708.33+1137.83+11821.8 -> 19667.96 | Z21: =X21-Y21 -> 21594.04 | AB21: =40600.75 -> 40600.75 | AC21: =6708.33+1137.83+12435.5 -> 20281.66 | AD21: =AB21-AC21 -> 20319.09 | AF21: =56867.5 -> 56867.5 | AG21: =6708.33+1137.83+11660.3 -> 19506.46 | AH21: =AF21-AG21 -> 37361.04 | AJ21: =41791 -> 41791 | AK21: =6708.33+1137.83+12823.1 -> 20669.26 | AL21: 21121.74 | AO21: =6708.33+1137.83 -> 7846.16 | AS21: =6708.33+1137.83 -> 7846.16 | AW21: =6708.33+1137.83 -> 7846.16 | BA21: =6708.33+1137.83 -> 7846.16
B22: MERC | C22: WB02 | I22: =3318.14+5620.2 -> 8938.34 | J22: =SUM(H22-I22) -> -8938.34 | L22: =13340*1.15 -> 15341 | M22: =3318.14+12726.2 -> 16044.34 | N22: =SUM(L22-M22) -> -703.34 | P22: =(35765+5750)*1.15 -> 47742.25 | Q22: =3318.14+10949.7 -> 14267.84 | R22: =P22-Q22 -> 33474.41 | T22: =33723.75 -> 33723.75 | U22: =3318.14+10368.3 -> 13686.44 | V22: =T22-U22 -> 20037.31 | X22: =47874.5 -> 47874.5 | Y22: =3318.14+13905.15 -> 17223.29 | Z22: =X22-Y22 -> 30651.21 | AB22: =40733 -> 40733 | AC22: =3318.14+15100.25 -> 18418.39 | AD22: =AB22-AC22 -> 22314.61 | AF22: =60702.75 -> 60702.75 | AG22: =3318.14+12532.4 -> 15850.54 | AH22: =AF22-AG22 -> 44852.21 | AJ22: =39807.25 -> 39807.25 | AK22: =3318.14+12823.1 -> 16141.24 | AL22: 23666.01 | AO22: =3318.14 -> 3318.14 | AS22: =3318.14 -> 3318.14 | AW22: =3318.14 -> 3318.14 | BA22: =3318.14 -> 3318.14
B23: UD 80 | C23: DT01 | F23: 2871.09 | I23: =2871.09+6548.08 -> 9419.17 | J23: =SUM(H23-I23) -> -9419.17 | M23: =2871.09+15291.26 -> 18162.35 | N23: =SUM(L23-M23) -> -18162.35 | Q23: =2871.09+13468.21 -> 16339.3 | R23: =P23-Q23 -> -16339.3 | U23: =2871.09+13282.19 -> 16153.28 | V23: =T23-U23 -> -16153.28 | Y23: =2871.09+14286.72 -> 17157.81 | Z23: =X23-Y23 -> -17157.81 | AC23: =2871.09+16333 -> 19204.09 | AD23: =AB23-AC23 -> -19204.09 | AG23: =2871.09+14937.81 -> 17808.9 | AH23: =AF23-AG23 -> -17808.9 | AK23: =2871.09+15365.67 -> 18236.76 | AL23: -18236.76 | AO23: =2871.09 -> 2871.09 | AS23: =2871.09 -> 2871.09 | AW23: =2871.09 -> 2871.09 | BA23: =2871.09 -> 2871.09
B24: SANTUI 20TON EXC | C24: EXC01 | D24: 17500 | E24: 2625 | F24: 20125 | I24: 20125 | J24: =SUM(H24-I24) -> -20125 | M24: 20125 | N24: =SUM(L24-M24) -> -20125 | Q24: 20125 | R24: =P24-Q24 -> -20125 | U24: 20125 | V24: =T24-U24 -> -20125 | Y24: 20125 | Z24: =X24-Y24 -> -20125 | AC24: 20125 | AD24: =AB24-AC24 -> -20125 | AG24: 20125 | AH24: =AF24-AG24 -> -20125 | AK24: 20125 | AL24: -20125 | AO24: 20125 | AS24: 20125 | AW24: 20125 | BA24: 20125
B25: ELB 1TON RV | D25: 1458.3333 | E25: 218.75 | F25: 1677.0833 | I25: 1677.0833 | J25: =SUM(H25-I25) -> -1677.0833 | M25: 1677.0833 | N25: =SUM(L25-M25) -> -1677.0833 | Q25: 1677.0833 | R25: =P25-Q25 -> -1677.0833 | U25: 1677.0833 | V25: =T25-U25 -> -1677.0833 | Y25: 1677.0833 | Z25: =X25-Y25 -> -1677.0833 | AC25: 1677.0833 | AD25: =AB25-AC25 -> -1677.0833 | AG25: 1677.0833 | AH25: =AF25-AG25 -> -1677.0833 | AK25: 1677.0833 | AL25: -1677.0833 | AO25: 1677.0833 | AS25: 1677.0833 | AW25: 1677.0833 | BA25: 1677.0833
B26: 10 KVA GENERATOR | D26: 554.16667 | E26: 83.125 | F26: 637.29167 | I26: 637.29167 | J26: =SUM(H26-I26) -> -637.29167 | M26: 637.29167 | N26: =SUM(L26-M26) -> -637.29167 | Q26: 637.29167 | R26: =P26-Q26 -> -637.29167 | U26: 637.29167 | V26: =T26-U26 -> -637.29167 | Y26: 637.29167 | Z26: =X26-Y26 -> -637.29167 | AC26: 637.29167 | AD26: =AB26-AC26 -> -637.29167 | AG26: 637.29167 | AH26: =AF26-AG26 -> -637.29167 | AK26: 637.29167 | AL26: -637.29167 | AO26: 637.29167 | AS26: 637.29167 | AW26: 637.29167 | BA26: 637.29167
B27: 7,5 KVA GENERATOR | D27: 455 | E27: 68.25 | F27: 523.25 | I27: 523.25 | J27: =SUM(H27-I27) -> -523.25 | M27: 523.25 | N27: =SUM(L27-M27) -> -523.25 | Q27: 523.25 | R27: =P27-Q27 -> -523.25 | U27: 523.25 | V27: =T27-U27 -> -523.25 | Y27: 523.25 | Z27: =X27-Y27 -> -523.25 | AC27: 523.25 | AD27: =AB27-AC27 -> -523.25 | AG27: 523.25 | AH27: =AF27-AG27 -> -523.25 | AK27: 523.25 | AL27: -523.25 | AO27: 523.25 | AS27: 523.25 | AW27: 523.25 | BA27: 523.25
B28: TRAILOR PLANT | D28: 1458.3333 | E28: 218.75 | F28: 1677.0833 | I28: 1677.0833 | J28: =SUM(H28-I28) -> -1677.0833 | M28: 1677.0833 | N28: =SUM(L28-M28) -> -1677.0833 | Q28: 1677.0833 | R28: =P28-Q28 -> -1677.0833 | U28: 1677.0833 | V28: =T28-U28 -> -1677.0833 | Y28: 1677.0833 | Z28: =X28-Y28 -> -1677.0833 | AC28: 1677.0833 | AD28: =AB28-AC28 -> -1677.0833 | AG28: 1677.0833 | AH28: =AF28-AG28 -> -1677.0833 | AK28: 1677.0833 | AL28: -1677.0833 | AO28: 1677.0833 | AS28: 1677.0833 | AW28: 1677.0833 | BA28: 1677.0833
B29: DIESEL TRAILOR | D29: 700 | E29: 105 | F29: 805 | I29: 805 | J29: =SUM(H29-I29) -> -805 | M29: 805 | N29: =SUM(L29-M29) -> -805 | Q29: 805 | R29: =P29-Q29 -> -805 | U29: 805 | V29: =T29-U29 -> -805 | Y29: 805 | Z29: =X29-Y29 -> -805 | AC29: 805 | AD29: =AB29-AC29 -> -805 | AG29: 805 | AH29: =AF29-AG29 -> -805 | AK29: 805 | AL29: -805 | AO29: 805 | AS29: 805 | AW29: 805 | BA29: 805
B30: WATER TRAILOR | C30: WT01 | D30: 875 | E30: 131.25 | F30: 1006.25 | I30: 1006.25 | J30: =SUM(H30-I30) -> -1006.25 | M30: 1006.25 | N30: =SUM(L30-M30) -> -1006.25 | Q30: 1006.25 | R30: =P30-Q30 -> -1006.25 | U30: 1006.25 | V30: =T30-U30 -> -1006.25 | Y30: 1006.25 | Z30: =X30-Y30 -> -1006.25 | AC30: 1006.25 | AD30: =AB30-AC30 -> -1006.25 | AG30: 1006.25 | AH30: =AF30-AG30 -> -1006.25 | AJ30: =3162.5 -> 3162.5 | AK30: 1006.25 | AL30: 2156.25 | AO30: 1006.25 | AS30: 1006.25 | AW30: 1006.25 | BA30: 1006.25
B31: OFFICE CONTAINER | D31: 3791.6667 | E31: 568.75 | F31: 4360.4167 | I31: 4360.4167 | J31: =SUM(H31-I31) -> -4360.4167 | L31: =1500*1.15 -> 1725 | M31: 4360.4167 | N31: =SUM(L31-M31) -> -2635.4167 | P31: =1725 -> 1725 | Q31: 4360.4167 | R31: =P31-Q31 -> -2635.4167 | T31: =1725 -> 1725 | U31: 4360.4167 | V31: =T31-U31 -> -2635.4167 | X31: 1725 | Y31: 4360.4167 | Z31: =X31-Y31 -> -2635.4167 | AB31: 1725 | AC31: 4360.4167 | AD31: =AB31-AC31 -> -2635.4167 | AF31: 1725 | AG31: 4360.4167 | AH31: =AF31-AG31 -> -2635.4167 | AJ31: 1725 | AK31: 4360.4167 | AL31: -2635.4167 | AO31: 4360.4167 | AS31: 4360.4167 | AW31: 4360.4167 | BA31: 4360.4167
B32: OFFICE CONTAINER | D32: 2625 | E32: 393.75 | F32: 3018.75 | I32: 3018.75 | J32: =SUM(H32-I32) -> -3018.75 | L32: =1500*1.15 -> 1725 | M32: 3018.75 | N32: =SUM(L32-M32) -> -1293.75 | P32: =1725 -> 1725 | Q32: 3018.75 | R32: =P32-Q32 -> -1293.75 | T32: =1725 -> 1725 | U32: 3018.75 | V32: =T32-U32 -> -1293.75 | X32: 1725 | Y32: 3018.75 | Z32: =X32-Y32 -> -1293.75 | AB32: 1725 | AC32: 3018.75 | AD32: =AB32-AC32 -> -1293.75 | AF32: 1725 | AG32: 3018.75 | AH32: =AF32-AG32 -> -1293.75 | AJ32: 1725 | AK32: 3018.75 | AL32: -1293.75 | AO32: 3018.75 | AS32: 3018.75 | AW32: 3018.75 | BA32: 3018.75
B33: SITE CONTANER | D33: 1633.3333 | E33: 245 | F33: 1878.3333 | I33: 1878.3333 | J33: =SUM(H33-I33) -> -1878.3333 | L33: =1200*1.15 -> 1380 | M33: 1878.3333 | N33: =SUM(L33-M33) -> -498.33333 | P33: =1380 -> 1380 | Q33: 1878.3333 | R33: =P33-Q33 -> -498.33333 | T33: =1380 -> 1380 | U33: 1878.3333 | V33: =T33-U33 -> -498.33333 | X33: =1380 -> 1380 | Y33: 1878.3333 | Z33: =X33-Y33 -> -498.33333 | AB33: =1380 -> 1380 | AC33: 1878.3333 | AD33: =AB33-AC33 -> -498.33333 | AF33: 1380 | AG33: 1878.3333 | AH33: =AF33-AG33 -> -498.33333 | AJ33: 1380 | AK33: 1878.3333 | AL33: -498.33333 | AO33: 1878.3333 | AS33: 1878.3333 | AW33: 1878.3333 | BA33: 1878.3333
B34: SITE CONTANER | D34: 2041.6667 | E34: 306.25 | F34: 2347.9167 | I34: 2347.9167 | J34: =SUM(H34-I34) -> -2347.9167 | L34: =1200*1.15 -> 1380 | M34: 2347.9167 | N34: =SUM(L34-M34) -> -967.91667 | P34: =1380 -> 1380 | Q34: 2347.9167 | R34: =P34-Q34 -> -967.91667 | T34: =1380 -> 1380 | U34: 2347.9167 | V34: =T34-U34 -> -967.91667 | X34: =1380 -> 1380 | Y34: 2347.9167 | Z34: =X34-Y34 -> -967.91667 | AB34: =1380 -> 1380 | AC34: 2347.9167 | AD34: =AB34-AC34 -> -967.91667 | AF34: 1380 | AG34: 2347.9167 | AH34: =AF34-AG34 -> -967.91667 | AJ34: 1380 | AK34: 2347.9167 | AL34: -967.91667 | AO34: 2347.9167 | AS34: 2347.9167 | AW34: 2347.9167 | BA34: 2347.9167
B35: SITE CONTANER | D35: 2041.6667 | E35: 306.25 | F35: 2347.9167 | I35: 2347.9167 | J35: =SUM(H35-I35) -> -2347.9167 | L35: =1200*1.15 -> 1380 | M35: 2347.9167 | N35: =SUM(L35-M35) -> -967.91667 | P35: 1380 | Q35: 2347.9167 | R35: =P35-Q35 -> -967.91667 | T35: 1380 | U35: 2347.9167 | V35: =T35-U35 -> -967.91667 | X35: 1380 | Y35: 2347.9167 | Z35: =X35-Y35 -> -967.91667 | AB35: =1380 -> 1380 | AC35: 2347.9167 | AD35: =AB35-AC35 -> -967.91667 | AF35: 1380 | AG35: 2347.9167 | AH35: =AF35-AG35 -> -967.91667 | AJ35: 1380 | AK35: 2347.9167 | AL35: -967.91667 | AO35: 2347.9167 | AS35: 2347.9167 | AW35: 2347.9167 | BA35: 2347.9167
B36: SITE CONTANER | D36: 2625 | E36: 393.75 | F36: 3018.75 | I36: 3018.75 | J36: =SUM(H36-I36) -> -3018.75 | L36: =1200*1.15 -> 1380 | M36: 3018.75 | N36: =SUM(L36-M36) -> -1638.75 | P36: =1380 -> 1380 | Q36: 3018.75 | R36: =P36-Q36 -> -1638.75 | T36: =1380 -> 1380 | U36: 3018.75 | V36: =T36-U36 -> -1638.75 | X36: =1380 -> 1380 | Y36: 3018.75 | Z36: =X36-Y36 -> -1638.75 | AB36: 1380 | AC36: 3018.75 | AD36: =AB36-AC36 -> -1638.75 | AF36: 1380 | AG36: 3018.75 | AH36: =AF36-AG36 -> -1638.75 | AJ36: 1380 | AK36: 3018.75 | AL36: -1638.75 | AO36: 3018.75 | AS36: 3018.75 | AW36: 3018.75 | BA36: 3018.75
B37: SITE CONTANER | D37: 2041.6667 | E37: 306.25 | F37: 2347.9167 | I37: 2347.9167 | J37: =SUM(H37-I37) -> -2347.9167 | L37: =1200*1.15 -> 1380 | M37: 2347.9167 | N37: =SUM(L37-M37) -> -967.91667 | P37: =1380 -> 1380 | Q37: 2347.9167 | R37: =P37-Q37 -> -967.91667 | T37: =1380 -> 1380 | U37: 2347.9167 | V37: =T37-U37 -> -967.91667 | X37: =1380 -> 1380 | Y37: 2347.9167 | Z37: =X37-Y37 -> -967.91667 | AB37: 1380 | AC37: 2347.9167 | AD37: =AB37-AC37 -> -967.91667 | AF37: 1380 | AG37: 2347.9167 | AH37: =AF37-AG37 -> -967.91667 | AJ37: 1380 | AK37: 2347.9167 | AL37: -967.91667 | AO37: 2347.9167 | AS37: 2347.9167 | AW37: 2347.9167 | BA37: 2347.9167
B38: SITE CONTANER | D38: 2041.6667 | E38: 306.25 | F38: 2347.9167 | I38: 2347.9167 | J38: =SUM(H38-I38) -> -2347.9167 | L38: =1200*1.15 -> 1380 | M38: 2347.9167 | N38: =SUM(L38-M38) -> -967.91667 | P38: =1380 -> 1380 | Q38: 2347.9167 | R38: =P38-Q38 -> -967.91667 | T38: =1380 -> 1380 | U38: 2347.9167 | V38: =T38-U38 -> -967.91667 | X38: =1380 -> 1380 | Y38: 2347.9167 | Z38: =X38-Y38 -> -967.91667 | AB38: 1380 | AC38: 2347.9167 | AD38: =AB38-AC38 -> -967.91667 | AF38: 1380 | AG38: 2347.9167 | AH38: =AF38-AG38 -> -967.91667 | AJ38: 1380 | AK38: 2347.9167 | AL38: -967.91667 | AO38: 2347.9167 | AS38: 2347.9167 | AW38: 2347.9167 | BA38: 2347.9167
B39: SITE CONTANER | D39: 2625 | E39: 393.75 | F39: 3018.75 | I39: 3018.75 | J39: =SUM(H39-I39) -> -3018.75 | L39: =1200*1.15 -> 1380 | M39: 3018.75 | N39: =SUM(L39-M39) -> -1638.75 | P39: =1380 -> 1380 | Q39: 3018.75 | R39: =P39-Q39 -> -1638.75 | T39: =1380 -> 1380 | U39: 3018.75 | V39: =T39-U39 -> -1638.75 | X39: =1380 -> 1380 | Y39: 3018.75 | Z39: =X39-Y39 -> -1638.75 | AB39: 1380 | AC39: 3018.75 | AD39: =AB39-AC39 -> -1638.75 | AF39: 1380 | AG39: 3018.75 | AH39: =AF39-AG39 -> -1638.75 | AJ39: 1380 | AK39: 3018.75 | AL39: -1638.75 | AO39: 3018.75 | AS39: 3018.75 | AW39: 3018.75 | BA39: 3018.75
B40: Porta camp | D40: 1750 | E40: 262.5 | F40: 2012.5 | I40: 2012.5 | J40: =SUM(H40-I40) -> -2012.5 | M40: 2012.5 | N40: =SUM(L40-M40) -> -2012.5 | Q40: 2012.5 | R40: =P40-Q40 -> -2012.5 | U40: 2012.5 | V40: =T40-U40 -> -2012.5 | Y40: 2012.5 | Z40: =X40-Y40 -> -2012.5 | AC40: 2012.5 | AD40: =AB40-AC40 -> -2012.5 | AG40: 2012.5 | AH40: =AF40-AG40 -> -2012.5 | AK40: 2012.5 | AL40: -2012.5 | AO40: 2012.5 | AS40: 2012.5 | AW40: 2012.5 | BA40: 2012.5
B41: Porta camp | D41: 1750 | E41: 262.5 | F41: 2012.5 | I41: 2012.5 | J41: =SUM(H41-I41) -> -2012.5 | M41: 2012.5 | N41: =SUM(L41-M41) -> -2012.5 | Q41: 2012.5 | R41: =P41-Q41 -> -2012.5 | U41: 2012.5 | V41: =T41-U41 -> -2012.5 | Y41: 2012.5 | Z41: =X41-Y41 -> -2012.5 | AC41: 2012.5 | AD41: =AB41-AC41 -> -2012.5 | AG41: 2012.5 | AH41: =AF41-AG41 -> -2012.5 | AK41: 2012.5 | AL41: -2012.5 | AO41: 2012.5 | AS41: 2012.5 | AW41: 2012.5 | BA41: 2012.5
B42: Solar office | D42: 291.66667 | E42: 43.75 | F42: 335.41667 | I42: 335.41667 | J42: =SUM(H42-I42) -> -335.41667 | M42: 335.41667 | N42: =SUM(L42-M42) -> -335.41667 | Q42: 335.41667 | R42: =P42-Q42 -> -335.41667 | U42: 335.41667 | V42: =T42-U42 -> -335.41667 | Y42: 335.41667 | Z42: =X42-Y42 -> -335.41667 | AC42: 335.41667 | AD42: =AB42-AC42 -> -335.41667 | AG42: 335.41667 | AH42: =AF42-AG42 -> -335.41667 | AK42: 335.41667 | AL42: -335.41667 | AO42: 335.41667 | AS42: 335.41667 | AW42: 335.41667 | BA42: 335.41667
B43: 30KVA GENERATOR | D43: 3500 | E43: 525 | F43: 4025 | I43: 4025 | J43: =SUM(H43-I43) -> -4025 | M43: 4025 | N43: =SUM(L43-M43) -> -4025 | Q43: 4025 | R43: =P43-Q43 -> -4025 | U43: 4025 | V43: =T43-U43 -> -4025 | Y43: 4025 | Z43: =X43-Y43 -> -4025 | AC43: 4025 | AD43: =AB43-AC43 -> -4025 | AG43: 4025 | AH43: =AF43-AG43 -> -4025 | AK43: 4025 | AL43: -4025 | AO43: 4025 | AS43: 4025 | AW43: 4025 | BA43: 4025
H46: January Income | I46: January Expenses | J46: Profit / Loss | L46: February Income | M46: February Expenses | N46: Profit / Loss | P46: March Income | Q46: March Expenses | R46: Profit / Loss | T46: April Income | U46: April Expenses | V46: Profit / Loss | X46: May Income | Y46: May Expenses | Z46: Profit / Loss | AB46: June Income | AC46: June Expense | AD46: Profit / Loss | AF46: July Income | AG46: July Expenses | AH46: Profit / Loss | AJ46: August Income | AK46: August Expenses | AL46: Profit / Loss | AN46: September Income | AO46: September Expense | AP46: Profit / Loss | AR46: October Income | AS46: October Expenses | AT46: Profit / Loss | AV46: November Income | AW46: November Expenses | AX46: Profit / Loss | AZ46: December Income | BA46: December Expense | BB46: Profit / Loss
H47: =SUM(H8:H42) -> 392750.88 | I47: =SUM(I4:I43) -> 649260.08 | J47: =H47-I47 -> -256509.21 | L47: =SUM(L4:L42) -> 868446.07 | M47: =SUM(M4:M43) -> 753506.63 | N47: =L47-M47 -> 114939.44 | P47: =SUM(P4:P43) -> 1058161 | Q47: =SUM(Q4:Q43) -> 724177 | R47: =P47-Q47 -> 333984 | T47: =SUM(T4:T43) -> 779455.64 | U47: =SUM(U4:U43) -> 743617.53 | V47: =SUM(V4:V43) -> 35838.108 | X47: =SUM(X4:X43) -> 849367.01 | Y47: =SUM(Y4:Y43) -> 759681.17 | Z47: =X47-Y47 -> 89685.838 | AB47: =SUM(AB4:AB43) -> 911219.76 | AC47: =SUM(AC4:AC43) -> 780792.44 | AD47: =AB47-AC47 -> 130427.32 | AF47: =SUM(AF4:AF43) -> 1094133 | AG47: =SUM(AG4:AG43) -> 756009.17 | AH47: =AF47-AG47 -> 338123.84 | AK47: =SUM(AK4:AK43) -> 778290.79 | AL47: =AJ47-AK47 -> -778290.79 | AO47: =SUM(AO4:AO43) -> 531890.24 | AP47: =AN47-AO47 -> -531890.24 | AS47: =SUM(AS4:AS43) -> 531890.24 | AT47: =AR47-AS47 -> -531890.24 | AW47: =SUM(AW4:AW43) -> 531890.24 | AX47: =AV47-AW47 -> -531890.24 | BA47: =SUM(BA4:BA43) -> 531890.24 | BB47: =AZ47-BA47 -> -531890.24
J49: January Wages | N49: February Wages | R49: March Wages | V49: April Wages | Z49: May Wages | AD49: June Wages | AH49: July Wages | AL49: August Wages | AP49: September Wages | AT49: October Wages | AX49: November Wages | BB49: December Wages
J50: 8302.53 | N50: 15291.26 | R50: =12618.38 -> 12618.38 | V50: 14630 | Z50: 16275.88 | AD50: 24871 | AH50: 12216.05
J52: January Monthly Running Cost | N52: February Monthly Running Cost | R52: March Monthly Running Cost | V52: April Monthly Running Cost | Z52: May Monthly Running Cost | AD52: June Monthly Running Cost | AH52: July Monthly Running Cost | AL52: August Monthly Running Cost | AP52: September Monthly Running Cost | AT52: October Monthly Running Cost | AX52: November Monthly Running Cost | BB52: December Monthly Running Cost
J53: ='Monthly Running Cost'!D49 -> 71536.82 | N53: ='Monthly Running Cost'!F49 -> 191456.86 | R53: ='Monthly Running Cost'!H49 -> 75614.49 | V53: ='Monthly Running Cost'!J49 -> 74934.31 | Z53: ='Monthly Running Cost'!L49 -> 106155.11 | AD53: ='Monthly Running Cost'!N49 -> 227734.05 | AH53: ='Monthly Running Cost'!P49 -> 197949.26 | AL53: ='Monthly Running Cost'!R49 -> 151370.31 | AP53: ='Monthly Running Cost'!T49 -> 0 | AT53: ='Monthly Running Cost'!V49 -> 0 | AX53: ='Monthly Running Cost'!X49 -> 0 | BB53: ='Monthly Running Cost'!Z49 -> 0
J55: January Salary | N55: February Salary | R55: March Salary | V55: April Salary | Z55: May Salary | AD55: June Salary | AH55: June Salary
J56: 155339.5 | N56: =160239.58 -> 160239.58 | R56: 155339.5 | V56: 155339.5 | Z56: 155339.5 | AD56: 155339.5 | AH56: 155339.5
I59: Total Profit/Loss January | J59: =J47-J50-J53-J56 -> -491688.06 | M59: Total Profit/Loss February | N59: =N47-N50-N53-N56 -> -252048.26 | Q59: Total Profit/Loss March | R59: =R47-R50-R53-R56 -> 90411.628 | U59: Total Profit/Loss April | V59: =V47-V50-V53-V56 -> -209065.7 | Y59: Total Profit/Loss May | Z59: =Z47-Z50-Z53-Z56 -> -188084.65 | AC59: Total Profit/Loss June | AD59: =AD47-AD50-AD53-AD56 -> -277517.23 | AG59: Total Profit/Loss July | AH59: =AH47-AH50-AH53-AH56 -> -27380.972 | AL59: =AL47-AL53 -> -929661.1 | AP59: =AP47-AP53 -> -531890.24 | AT59: =AT47-AT53 -> -531890.24 | AX59: =AX47-AX53 -> -531890.24 | BB59: =BB47-BB53 -> -531890.24
I62: Monthly Payments | J62: =SUM(F4:F43) -> 490979.36 | M62: Monthly Payments | N62: 490979.36 | Q62: Monthly Payments | R62: 490979.36 | U62: Monthly Payments | V62: 490979.36 | Y62: Monthly Payments | Z62: 490979.36 | AC62: Monthly Payments | AD62: 490979.36 | AG62: Monthly Payments | AH62: 490979.36
I63: Total Profit/Loss | J63: =J59+J62 -> -708.695 | M63: Total Profit/Loss | N63: =N59+N62 -> 238931.1 | Q63: Total Profit/Loss | R63: =R59+R62 -> 581390.99 | U63: Total Profit/Loss | V63: =V59+V62 -> 281913.66 | Y63: Total Profit/Loss | Z63: =Z59+Z62 -> 302894.71 | AC63: Total Profit/Loss | AD63: =AD59+AD62 -> 213462.13 | AG63: Total Profit/Loss | AH63: =AH59+AH62 -> 463598.39
AH64: =AF47-236334.98-60000 -> 797798.03
H68: Total Profit/Loss | I68: =SUM(J59+N59+R59+V59+Z59+AD59+AH59) -> -1355373.2
H71: Total Income | I71: =SUM(H47+L47+P47+T47+X47+AB47+AF47) -> 5953533.4
H74: Rent not given to external Suppliers | I74: =I71-1355373.24 -> 4598160.1
H77: N1 Share | I77: =I74*20% -> 919632.03
H80: Given to External Supplier | I80: =I74-I77 -> 3678528.1
H83: Total Banked After Plant Payments | I83: =SUM(J63+N63+R63+V63+Z63+AD63+AH63) -> 2081482.3
H86: Banked in 1 Year Period | I86: =I83*2 -> 4162964.6

Sheet Machine Graph Data
A1: Terex TLB 820 (TLB01)
A2: Month | B2: Income | C2: Fixed Expenses | D2: Profit / Loss | E2: Monthly Running Cost
A3: Jan | B3: =IF('Machine Fixed Monthly Cost VS I'!H4="","",'Machine Fixed Monthly Cost VS I'!H4) -> 21896 | C3: =IF('Machine Fixed Monthly Cost VS I'!I4="","",'Machine Fixed Monthly Cost VS I'!I4) -> 23691.03 | D3: =IF('Machine Fixed Monthly Cost VS I'!J4="","",'Machine Fixed Monthly Cost VS I'!J4) -> -1795.03 | E3: =IF('Monthly Running Cost'!D4="","",'Monthly Running Cost'!D4) -> 1897.5
A4: Feb | B4: =IF('Machine Fixed Monthly Cost VS I'!L4="","",'Machine Fixed Monthly Cost VS I'!L4) -> 55223 | C4: =IF('Machine Fixed Monthly Cost VS I'!M4="","",'Machine Fixed Monthly Cost VS I'!M4) -> 28665.23 | D4: =IF('Machine Fixed Monthly Cost VS I'!N4="","",'Machine Fixed Monthly Cost VS I'!N4) -> 26557.77 | E4: =IF('Monthly Running Cost'!F4="","",'Monthly Running Cost'!F4) -> 37327.25
A5: Mar | B5: =IF('Machine Fixed Monthly Cost VS I'!P4="","",'Machine Fixed Monthly Cost VS I'!P4) -> 67781 | C5: =IF('Machine Fixed Monthly Cost VS I'!Q4="","",'Machine Fixed Monthly Cost VS I'!Q4) -> 29149.73 | D5: =IF('Machine Fixed Monthly Cost VS I'!R4="","",'Machine Fixed Monthly Cost VS I'!R4) -> 38631.27 | E5: =IF('Monthly Running Cost'!H4="","",'Monthly Running Cost'!H4) -> 3160.1
A6: Apr | B6: =IF('Machine Fixed Monthly Cost VS I'!T4="","",'Machine Fixed Monthly Cost VS I'!T4) -> 44758 | C6: =IF('Machine Fixed Monthly Cost VS I'!U4="","",'Machine Fixed Monthly Cost VS I'!U4) -> 29537.33 | D6: =IF('Machine Fixed Monthly Cost VS I'!V4="","",'Machine Fixed Monthly Cost VS I'!V4) -> 15220.67 | E6: =IF('Monthly Running Cost'!J4="","",'Monthly Running Cost'!J4) -> 451.05
A7: May | B7: =IF('Machine Fixed Monthly Cost VS I'!X4="","",'Machine Fixed Monthly Cost VS I'!X4) -> 49427 | C7: =IF('Machine Fixed Monthly Cost VS I'!Y4="","",'Machine Fixed Monthly Cost VS I'!Y4) -> 30215.63 | D7: =IF('Machine Fixed Monthly Cost VS I'!Z4="","",'Machine Fixed Monthly Cost VS I'!Z4) -> 19211.37 | E7: =IF('Monthly Running Cost'!L4="","",'Monthly Running Cost'!L4)
A8: Jun | B8: =IF('Machine Fixed Monthly Cost VS I'!AB4="","",'Machine Fixed Monthly Cost VS I'!AB4) -> 49427 | C8: =IF('Machine Fixed Monthly Cost VS I'!AC4="","",'Machine Fixed Monthly Cost VS I'!AC4) -> 29634.23 | D8: =IF('Machine Fixed Monthly Cost VS I'!AD4="","",'Machine Fixed Monthly Cost VS I'!AD4) -> 19792.77 | E8: =IF('Monthly Running Cost'!N4="","",'Monthly Running Cost'!N4)
A9: Jul | B9: =IF('Machine Fixed Monthly Cost VS I'!AF4="","",'Machine Fixed Monthly Cost VS I'!AF4) -> 68264 | C9: =IF('Machine Fixed Monthly Cost VS I'!AG4="","",'Machine Fixed Monthly Cost VS I'!AG4) -> 29731.13 | D9: =IF('Machine Fixed Monthly Cost VS I'!AH4="","",'Machine Fixed Monthly Cost VS I'!AH4) -> 38532.87 | E9: =IF('Monthly Running Cost'!P4="","",'Monthly Running Cost'!P4) -> 28181.52
A10: Aug | B10: =IF('Machine Fixed Monthly Cost VS I'!AJ4="","",'Machine Fixed Monthly Cost VS I'!AJ4) | C10: =IF('Machine Fixed Monthly Cost VS I'!AK4="","",'Machine Fixed Monthly Cost VS I'!AK4) -> 30893.93 | D10: =IF('Machine Fixed Monthly Cost VS I'!AL4="","",'Machine Fixed Monthly Cost VS I'!AL4) -> -30893.93 | E10: =IF('Monthly Running Cost'!R4="","",'Monthly Running Cost'!R4) -> 2195.47
A11: Sep | B11: =IF('Machine Fixed Monthly Cost VS I'!AN4="","",'Machine Fixed Monthly Cost VS I'!AN4) | C11: =IF('Machine Fixed Monthly Cost VS I'!AO4="","",'Machine Fixed Monthly Cost VS I'!AO4) -> 18070.83 | D11: =IF('Machine Fixed Monthly Cost VS I'!AP4="","",'Machine Fixed Monthly Cost VS I'!AP4) | E11: =IF('Monthly Running Cost'!T4="","",'Monthly Running Cost'!T4)
A12: Oct | B12: =IF('Machine Fixed Monthly Cost VS I'!AR4="","",'Machine Fixed Monthly Cost VS I'!AR4) | C12: =IF('Machine Fixed Monthly Cost VS I'!AS4="","",'Machine Fixed Monthly Cost VS I'!AS4) -> 18070.83 | D12: =IF('Machine Fixed Monthly Cost VS I'!AT4="","",'Machine Fixed Monthly Cost VS I'!AT4) | E12: =IF('Monthly Running Cost'!V4="","",'Monthly Running Cost'!V4)
A13: Nov | B13: =IF('Machine Fixed Monthly Cost VS I'!AV4="","",'Machine Fixed Monthly Cost VS I'!AV4) | C13: =IF('Machine Fixed Monthly Cost VS I'!AW4="","",'Machine Fixed Monthly Cost VS I'!AW4) -> 18070.83 | D13: =IF('Machine Fixed Monthly Cost VS I'!AX4="","",'Machine Fixed Monthly Cost VS I'!AX4) | E13: =IF('Monthly Running Cost'!X4="","",'Monthly Running Cost'!X4)
A14: Dec | B14: =IF('Machine Fixed Monthly Cost VS I'!AZ4="","",'Machine Fixed Monthly Cost VS I'!AZ4) | C14: =IF('Machine Fixed Monthly Cost VS I'!BA4="","",'Machine Fixed Monthly Cost VS I'!BA4) -> 18070.83 | D14: =IF('Machine Fixed Monthly Cost VS I'!BB4="","",'Machine Fixed Monthly Cost VS I'!BB4) | E14: =IF('Monthly Running Cost'!Z4="","",'Monthly Running Cost'!Z4)
A16: CAT 425F (428E) (TLB02)
A17: Month | B17: Income | C17: Fixed Expenses | D17: Profit / Loss | E17: Monthly Running Cost
A18: Jan | B18: =IF('Machine Fixed Monthly Cost VS I'!H5="","",'Machine Fixed Monthly Cost VS I'!H5) | C18: =IF('Machine Fixed Monthly Cost VS I'!I5="","",'Machine Fixed Monthly Cost VS I'!I5) -> 35432.9 | D18: =IF('Machine Fixed Monthly Cost VS I'!J5="","",'Machine Fixed Monthly Cost VS I'!J5) -> -35432.9 | E18: =IF('Monthly Running Cost'!D5="","",'Monthly Running Cost'!D5)
A19: Feb | B19: =IF('Machine Fixed Monthly Cost VS I'!L5="","",'Machine Fixed Monthly Cost VS I'!L5) | C19: =IF('Machine Fixed Monthly Cost VS I'!M5="","",'Machine Fixed Monthly Cost VS I'!M5) -> 41102.43 | D19: =IF('Machine Fixed Monthly Cost VS I'!N5="","",'Machine Fixed Monthly Cost VS I'!N5) -> -41102.43 | E19: =IF('Monthly Running Cost'!F5="","",'Monthly Running Cost'!F5)
A20: Mar | B20: =IF('Machine Fixed Monthly Cost VS I'!P5="","",'Machine Fixed Monthly Cost VS I'!P5) | C20: =IF('Machine Fixed Monthly Cost VS I'!Q5="","",'Machine Fixed Monthly Cost VS I'!Q5) -> 35619.81 | D20: =IF('Machine Fixed Monthly Cost VS I'!R5="","",'Machine Fixed Monthly Cost VS I'!R5) -> -35619.81 | E20: =IF('Monthly Running Cost'!H5="","",'Monthly Running Cost'!H5) -> 7374
A21: Apr | B21: =IF('Machine Fixed Monthly Cost VS I'!T5="","",'Machine Fixed Monthly Cost VS I'!T5) | C21: =IF('Machine Fixed Monthly Cost VS I'!U5="","",'Machine Fixed Monthly Cost VS I'!U5) -> 40209.42 | D21: =IF('Machine Fixed Monthly Cost VS I'!V5="","",'Machine Fixed Monthly Cost VS I'!V5) -> -40209.42 | E21: =IF('Monthly Running Cost'!J5="","",'Monthly Running Cost'!J5) -> 13096.9
A22: May | B22: =IF('Machine Fixed Monthly Cost VS I'!X5="","",'Machine Fixed Monthly Cost VS I'!X5) | C22: =IF('Machine Fixed Monthly Cost VS I'!Y5="","",'Machine Fixed Monthly Cost VS I'!Y5) -> 41725.45 | D22: =IF('Machine Fixed Monthly Cost VS I'!Z5="","",'Machine Fixed Monthly Cost VS I'!Z5) -> -41725.45 | E22: =IF('Monthly Running Cost'!L5="","",'Monthly Running Cost'!L5) -> 25176.9
A23: Jun | B23: =IF('Machine Fixed Monthly Cost VS I'!AB5="","",'Machine Fixed Monthly Cost VS I'!AB5) | C23: =IF('Machine Fixed Monthly Cost VS I'!AC5="","",'Machine Fixed Monthly Cost VS I'!AC5) -> 43573.76 | D23: =IF('Machine Fixed Monthly Cost VS I'!AD5="","",'Machine Fixed Monthly Cost VS I'!AD5) -> -43573.76 | E23: =IF('Monthly Running Cost'!N5="","",'Monthly Running Cost'!N5) -> 956.02
A24: Jul | B24: =IF('Machine Fixed Monthly Cost VS I'!AF5="","",'Machine Fixed Monthly Cost VS I'!AF5) | C24: =IF('Machine Fixed Monthly Cost VS I'!AG5="","",'Machine Fixed Monthly Cost VS I'!AG5) -> 41164.73 | D24: =IF('Machine Fixed Monthly Cost VS I'!AH5="","",'Machine Fixed Monthly Cost VS I'!AH5) -> -41164.73 | E24: =IF('Monthly Running Cost'!P5="","",'Monthly Running Cost'!P5) -> 36443.5
A25: Aug | B25: =IF('Machine Fixed Monthly Cost VS I'!AJ5="","",'Machine Fixed Monthly Cost VS I'!AJ5) | C25: =IF('Machine Fixed Monthly Cost VS I'!AK5="","",'Machine Fixed Monthly Cost VS I'!AK5) -> 41455.47 | D25: =IF('Machine Fixed Monthly Cost VS I'!AL5="","",'Machine Fixed Monthly Cost VS I'!AL5) -> -41455.47 | E25: =IF('Monthly Running Cost'!R5="","",'Monthly Running Cost'!R5) -> 78491.54
A26: Sep | B26: =IF('Machine Fixed Monthly Cost VS I'!AN5="","",'Machine Fixed Monthly Cost VS I'!AN5) | C26: =IF('Machine Fixed Monthly Cost VS I'!AO5="","",'Machine Fixed Monthly Cost VS I'!AO5) -> 24779.17 | D26: =IF('Machine Fixed Monthly Cost VS I'!AP5="","",'Machine Fixed Monthly Cost VS I'!AP5) | E26: =IF('Monthly Running Cost'!T5="","",'Monthly Running Cost'!T5)
A27: Oct | B27: =IF('Machine Fixed Monthly Cost VS I'!AR5="","",'Machine Fixed Monthly Cost VS I'!AR5) | C27: =IF('Machine Fixed Monthly Cost VS I'!AS5="","",'Machine Fixed Monthly Cost VS I'!AS5) -> 24779.17 | D27: =IF('Machine Fixed Monthly Cost VS I'!AT5="","",'Machine Fixed Monthly Cost VS I'!AT5) | E27: =IF('Monthly Running Cost'!V5="","",'Monthly Running Cost'!V5)
A28: Nov | B28: =IF('Machine Fixed Monthly Cost VS I'!AV5="","",'Machine Fixed Monthly Cost VS I'!AV5) | C28: =IF('Machine Fixed Monthly Cost VS I'!AW5="","",'Machine Fixed Monthly Cost VS I'!AW5) -> 24779.17 | D28: =IF('Machine Fixed Monthly Cost VS I'!AX5="","",'Machine Fixed Monthly Cost VS I'!AX5) | E28: =IF('Monthly Running Cost'!X5="","",'Monthly Running Cost'!X5)
A29: Dec | B29: =IF('Machine Fixed Monthly Cost VS I'!AZ5="","",'Machine Fixed Monthly Cost VS I'!AZ5) | C29: =IF('Machine Fixed Monthly Cost VS I'!BA5="","",'Machine Fixed Monthly Cost VS I'!BA5) -> 24779.17 | D29: =IF('Machine Fixed Monthly Cost VS I'!BB5="","",'Machine Fixed Monthly Cost VS I'!BB5) | E29: =IF('Monthly Running Cost'!Z5="","",'Monthly Running Cost'!Z5)
A31: Terex TLB 820 (TLB03)
A32: Month | B32: Income | C32: Fixed Expenses | D32: Profit / Loss | E32: Monthly Running Cost
A33: Jan | B33: =IF('Machine Fixed Monthly Cost VS I'!H6="","",'Machine Fixed Monthly Cost VS I'!H6) -> 14007 | C33: =IF('Machine Fixed Monthly Cost VS I'!I6="","",'Machine Fixed Monthly Cost VS I'!I6) -> 24508.03 | D33: =IF('Machine Fixed Monthly Cost VS I'!J6="","",'Machine Fixed Monthly Cost VS I'!J6) -> -10501.03 | E33: =IF('Monthly Running Cost'!D6="","",'Monthly Running Cost'!D6) -> 9776.34
A34: Feb | B34: =IF('Machine Fixed Monthly Cost VS I'!L6="","",'Machine Fixed Monthly Cost VS I'!L6) -> 48300 | C34: =IF('Machine Fixed Monthly Cost VS I'!M6="","",'Machine Fixed Monthly Cost VS I'!M6) -> 32444.81 | D34: =IF('Machine Fixed Monthly Cost VS I'!N6="","",'Machine Fixed Monthly Cost VS I'!N6) -> 15855.19 | E34: =IF('Monthly Running Cost'!F6="","",'Monthly Running Cost'!F6) -> 1655.8
A35: Mar | B35: =IF('Machine Fixed Monthly Cost VS I'!P6="","",'Machine Fixed Monthly Cost VS I'!P6) -> 65366 | C35: =IF('Machine Fixed Monthly Cost VS I'!Q6="","",'Machine Fixed Monthly Cost VS I'!Q6) -> 30616.06 | D35: =IF('Machine Fixed Monthly Cost VS I'!R6="","",'Machine Fixed Monthly Cost VS I'!R6) -> 34749.94 | E35: =IF('Monthly Running Cost'!H6="","",'Monthly Running Cost'!H6)
A36: Apr | B36: =IF('Machine Fixed Monthly Cost VS I'!T6="","",'Machine Fixed Monthly Cost VS I'!T6) -> 31395 | C36: =IF('Machine Fixed Monthly Cost VS I'!U6="","",'Machine Fixed Monthly Cost VS I'!U6) -> 30469.76 | D36: =IF('Machine Fixed Monthly Cost VS I'!V6="","",'Machine Fixed Monthly Cost VS I'!V6) -> 925.24 | E36: =IF('Monthly Running Cost'!J6="","",'Monthly Running Cost'!J6) -> 767.86
A37: May | B37: =IF('Machine Fixed Monthly Cost VS I'!X6="","",'Machine Fixed Monthly Cost VS I'!X6) -> 38479 | C37: =IF('Machine Fixed Monthly Cost VS I'!Y6="","",'Machine Fixed Monthly Cost VS I'!Y6) -> 31512.14 | D37: =IF('Machine Fixed Monthly Cost VS I'!Z6="","",'Machine Fixed Monthly Cost VS I'!Z6) -> 6966.86 | E37: =IF('Monthly Running Cost'!L6="","",'Monthly Running Cost'!L6) -> 9313.12
A38: Jun | B38: =IF('Machine Fixed Monthly Cost VS I'!AB6="","",'Machine Fixed Monthly Cost VS I'!AB6) -> 55867 | C38: =IF('Machine Fixed Monthly Cost VS I'!AC6="","",'Machine Fixed Monthly Cost VS I'!AC6) -> 33249.46 | D38: =IF('Machine Fixed Monthly Cost VS I'!AD6="","",'Machine Fixed Monthly Cost VS I'!AD6) -> 22617.54 | E38: =IF('Monthly Running Cost'!N6="","",'Monthly Running Cost'!N6) -> 21383.09
A39: Jul | B39: =IF('Machine Fixed Monthly Cost VS I'!AF6="","",'Machine Fixed Monthly Cost VS I'!AF6) -> 9177 | C39: =IF('Machine Fixed Monthly Cost VS I'!AG6="","",'Machine Fixed Monthly Cost VS I'!AG6) -> 30798.93 | D39: =IF('Machine Fixed Monthly Cost VS I'!AH6="","",'Machine Fixed Monthly Cost VS I'!AH6) -> -21621.93 | E39: =IF('Monthly Running Cost'!P6="","",'Monthly Running Cost'!P6) -> 33024.55
A40: Aug | B40: =IF('Machine Fixed Monthly Cost VS I'!AJ6="","",'Machine Fixed Monthly Cost VS I'!AJ6) -> 50876 | C40: =IF('Machine Fixed Monthly Cost VS I'!AK6="","",'Machine Fixed Monthly Cost VS I'!AK6) -> 34072.39 | D40: =IF('Machine Fixed Monthly Cost VS I'!AL6="","",'Machine Fixed Monthly Cost VS I'!AL6) -> 16803.61 | E40: =IF('Monthly Running Cost'!R6="","",'Monthly Running Cost'!R6) -> 4720.14
A41: Sep | B41: =IF('Machine Fixed Monthly Cost VS I'!AN6="","",'Machine Fixed Monthly Cost VS I'!AN6) | C41: =IF('Machine Fixed Monthly Cost VS I'!AO6="","",'Machine Fixed Monthly Cost VS I'!AO6) -> 18070.83 | D41: =IF('Machine Fixed Monthly Cost VS I'!AP6="","",'Machine Fixed Monthly Cost VS I'!AP6) | E41: =IF('Monthly Running Cost'!T6="","",'Monthly Running Cost'!T6)
A42: Oct | B42: =IF('Machine Fixed Monthly Cost VS I'!AR6="","",'Machine Fixed Monthly Cost VS I'!AR6) | C42: =IF('Machine Fixed Monthly Cost VS I'!AS6="","",'Machine Fixed Monthly Cost VS I'!AS6) -> 18070.83 | D42: =IF('Machine Fixed Monthly Cost VS I'!AT6="","",'Machine Fixed Monthly Cost VS I'!AT6) | E42: =IF('Monthly Running Cost'!V6="","",'Monthly Running Cost'!V6)
A43: Nov | B43: =IF('Machine Fixed Monthly Cost VS I'!AV6="","",'Machine Fixed Monthly Cost VS I'!AV6) | C43: =IF('Machine Fixed Monthly Cost VS I'!AW6="","",'Machine Fixed Monthly Cost VS I'!AW6) -> 18070.83 | D43: =IF('Machine Fixed Monthly Cost VS I'!AX6="","",'Machine Fixed Monthly Cost VS I'!AX6) | E43: =IF('Monthly Running Cost'!X6="","",'Monthly Running Cost'!X6)
A44: Dec | B44: =IF('Machine Fixed Monthly Cost VS I'!AZ6="","",'Machine Fixed Monthly Cost VS I'!AZ6) | C44: =IF('Machine Fixed Monthly Cost VS I'!BA6="","",'Machine Fixed Monthly Cost VS I'!BA6) -> 18070.83 | D44: =IF('Machine Fixed Monthly Cost VS I'!BB6="","",'Machine Fixed Monthly Cost VS I'!BB6) | E44: =IF('Monthly Running Cost'!Z6="","",'Monthly Running Cost'!Z6)
A46: BELL TLB (TLB04)
A47: Month | B47: Income | C47: Fixed Expenses | D47: Profit / Loss | E47: Monthly Running Cost
A48: Jan | B48: =IF('Machine Fixed Monthly Cost VS I'!H7="","",'Machine Fixed Monthly Cost VS I'!H7) -> 33327 | C48: =IF('Machine Fixed Monthly Cost VS I'!I7="","",'Machine Fixed Monthly Cost VS I'!I7) -> 27045.2 | D48: =IF('Machine Fixed Monthly Cost VS I'!J7="","",'Machine Fixed Monthly Cost VS I'!J7) -> 6281.8 | E48: =IF('Monthly Running Cost'!D7="","",'Monthly Running Cost'!D7) -> 1473.72
A49: Feb | B49: =IF('Machine Fixed Monthly Cost VS I'!L7="","",'Machine Fixed Monthly Cost VS I'!L7) -> 53613 | C49: =IF('Machine Fixed Monthly Cost VS I'!M7="","",'Machine Fixed Monthly Cost VS I'!M7) -> 34151.2 | D49: =IF('Machine Fixed Monthly Cost VS I'!N7="","",'Machine Fixed Monthly Cost VS I'!N7) -> 19461.8 | E49: =IF('Monthly Running Cost'!F7="","",'Monthly Running Cost'!F7) -> 12790.3
A50: Mar | B50: =IF('Machine Fixed Monthly Cost VS I'!P7="","",'Machine Fixed Monthly Cost VS I'!P7) -> 40089 | C50: =IF('Machine Fixed Monthly Cost VS I'!Q7="","",'Machine Fixed Monthly Cost VS I'!Q7) -> 32180.9 | D50: =IF('Machine Fixed Monthly Cost VS I'!R7="","",'Machine Fixed Monthly Cost VS I'!R7) -> 7908.1 | E50: =IF('Monthly Running Cost'!H7="","",'Monthly Running Cost'!H7) -> 15922.25
A51: Apr | B51: =IF('Machine Fixed Monthly Cost VS I'!T7="","",'Machine Fixed Monthly Cost VS I'!T7) -> 50071 | C51: =IF('Machine Fixed Monthly Cost VS I'!U7="","",'Machine Fixed Monthly Cost VS I'!U7) -> 33262.95 | D51: =IF('Machine Fixed Monthly Cost VS I'!V7="","",'Machine Fixed Monthly Cost VS I'!V7) -> 16808.05 | E51: =IF('Monthly Running Cost'!J7="","",'Monthly Running Cost'!J7)
A52: May | B52: =IF('Machine Fixed Monthly Cost VS I'!X7="","",'Machine Fixed Monthly Cost VS I'!X7) -> 56994 | C52: =IF('Machine Fixed Monthly Cost VS I'!Y7="","",'Machine Fixed Monthly Cost VS I'!Y7) -> 35330.15 | D52: =IF('Machine Fixed Monthly Cost VS I'!Z7="","",'Machine Fixed Monthly Cost VS I'!Z7) -> 21663.85 | E52: =IF('Monthly Running Cost'!L7="","",'Monthly Running Cost'!L7) -> 7030.56
A53: Jun | B53: =IF('Machine Fixed Monthly Cost VS I'!AB7="","",'Machine Fixed Monthly Cost VS I'!AB7) -> 44275 | C53: =IF('Machine Fixed Monthly Cost VS I'!AC7="","",'Machine Fixed Monthly Cost VS I'!AC7) -> 35265.55 | D53: =IF('Machine Fixed Monthly Cost VS I'!AD7="","",'Machine Fixed Monthly Cost VS I'!AD7) -> 9009.45 | E53: =IF('Monthly Running Cost'!N7="","",'Monthly Running Cost'!N7) -> 3800
A54: Jul | B54: =IF('Machine Fixed Monthly Cost VS I'!AF7="","",'Machine Fixed Monthly Cost VS I'!AF7) -> 71484 | C54: =IF('Machine Fixed Monthly Cost VS I'!AG7="","",'Machine Fixed Monthly Cost VS I'!AG7) -> 34587.25 | D54: =IF('Machine Fixed Monthly Cost VS I'!AH7="","",'Machine Fixed Monthly Cost VS I'!AH7) -> 36896.75 | E54: =IF('Monthly Running Cost'!P7="","",'Monthly Running Cost'!P7)
A55: Aug | B55: =IF('Machine Fixed Monthly Cost VS I'!AJ7="","",'Machine Fixed Monthly Cost VS I'!AJ7) -> 50554 | C55: =IF('Machine Fixed Monthly Cost VS I'!AK7="","",'Machine Fixed Monthly Cost VS I'!AK7) -> 34877.95 | D55: =IF('Machine Fixed Monthly Cost VS I'!AL7="","",'Machine Fixed Monthly Cost VS I'!AL7) -> 15676.05 | E55: =IF('Monthly Running Cost'!R7="","",'Monthly Running Cost'!R7) -> 2109.95
A56: Sep | B56: =IF('Machine Fixed Monthly Cost VS I'!AN7="","",'Machine Fixed Monthly Cost VS I'!AN7) | C56: =IF('Machine Fixed Monthly Cost VS I'!AO7="","",'Machine Fixed Monthly Cost VS I'!AO7) -> 21425 | D56: =IF('Machine Fixed Monthly Cost VS I'!AP7="","",'Machine Fixed Monthly Cost VS I'!AP7) | E56: =IF('Monthly Running Cost'!T7="","",'Monthly Running Cost'!T7)
A57: Oct | B57: =IF('Machine Fixed Monthly Cost VS I'!AR7="","",'Machine Fixed Monthly Cost VS I'!AR7) | C57: =IF('Machine Fixed Monthly Cost VS I'!AS7="","",'Machine Fixed Monthly Cost VS I'!AS7) -> 21425 | D57: =IF('Machine Fixed Monthly Cost VS I'!AT7="","",'Machine Fixed Monthly Cost VS I'!AT7) | E57: =IF('Monthly Running Cost'!V7="","",'Monthly Running Cost'!V7)
A58: Nov | B58: =IF('Machine Fixed Monthly Cost VS I'!AV7="","",'Machine Fixed Monthly Cost VS I'!AV7) | C58: =IF('Machine Fixed Monthly Cost VS I'!AW7="","",'Machine Fixed Monthly Cost VS I'!AW7) -> 21425 | D58: =IF('Machine Fixed Monthly Cost VS I'!AX7="","",'Machine Fixed Monthly Cost VS I'!AX7) | E58: =IF('Monthly Running Cost'!X7="","",'Monthly Running Cost'!X7)
A59: Dec | B59: =IF('Machine Fixed Monthly Cost VS I'!AZ7="","",'Machine Fixed Monthly Cost VS I'!AZ7) | C59: =IF('Machine Fixed Monthly Cost VS I'!BA7="","",'Machine Fixed Monthly Cost VS I'!BA7) -> 21425 | D59: =IF('Machine Fixed Monthly Cost VS I'!BB7="","",'Machine Fixed Monthly Cost VS I'!BB7) | E59: =IF('Monthly Running Cost'!Z7="","",'Monthly Running Cost'!Z7)
A61: CASE TLB (TLB05)
A62: Month | B62: Income | C62: Fixed Expenses | D62: Profit / Loss | E62: Monthly Running Cost
A63: Jan | B63: =IF('Machine Fixed Monthly Cost VS I'!H8="","",'Machine Fixed Monthly Cost VS I'!H8) -> 33327 | C63: =IF('Machine Fixed Monthly Cost VS I'!I8="","",'Machine Fixed Monthly Cost VS I'!I8) -> 57318.2 | D63: =IF('Machine Fixed Monthly Cost VS I'!J8="","",'Machine Fixed Monthly Cost VS I'!J8) -> -23991.2 | E63: =IF('Monthly Running Cost'!D8="","",'Monthly Running Cost'!D8) -> 3371.61
A64: Feb | B64: =IF('Machine Fixed Monthly Cost VS I'!L8="","",'Machine Fixed Monthly Cost VS I'!L8) -> 53291 | C64: =IF('Machine Fixed Monthly Cost VS I'!M8="","",'Machine Fixed Monthly Cost VS I'!M8) -> 62841.03 | D64: =IF('Machine Fixed Monthly Cost VS I'!N8="","",'Machine Fixed Monthly Cost VS I'!N8) -> -9550.03 | E64: =IF('Monthly Running Cost'!F8="","",'Monthly Running Cost'!F8) -> 1439
A65: Mar | B65: =IF('Machine Fixed Monthly Cost VS I'!P8="","",'Machine Fixed Monthly Cost VS I'!P8) -> 62307 | C65: =IF('Machine Fixed Monthly Cost VS I'!Q8="","",'Machine Fixed Monthly Cost VS I'!Q8) -> 64157.73 | D65: =IF('Machine Fixed Monthly Cost VS I'!R8="","",'Machine Fixed Monthly Cost VS I'!R8) -> -1850.73 | E65: =IF('Monthly Running Cost'!H8="","",'Monthly Running Cost'!H8) -> 2422.94
A66: Apr | B66: =IF('Machine Fixed Monthly Cost VS I'!T8="","",'Machine Fixed Monthly Cost VS I'!T8) -> 44275 | C66: =IF('Machine Fixed Monthly Cost VS I'!U8="","",'Machine Fixed Monthly Cost VS I'!U8) -> 63609.1 | D66: =IF('Machine Fixed Monthly Cost VS I'!V8="","",'Machine Fixed Monthly Cost VS I'!V8) -> -19334.1 | E66: =IF('Monthly Running Cost'!J8="","",'Monthly Running Cost'!J8) -> 4887.85
A67: May | B67: =IF('Machine Fixed Monthly Cost VS I'!X8="","",'Machine Fixed Monthly Cost VS I'!X8) -> 49266 | C67: =IF('Machine Fixed Monthly Cost VS I'!Y8="","",'Machine Fixed Monthly Cost VS I'!Y8) -> 65657.3 | D67: =IF('Machine Fixed Monthly Cost VS I'!Z8="","",'Machine Fixed Monthly Cost VS I'!Z8) -> -16391.3 | E67: =IF('Monthly Running Cost'!L8="","",'Monthly Running Cost'!L8) -> 248
A68: Jun | B68: =IF('Machine Fixed Monthly Cost VS I'!AB8="","",'Machine Fixed Monthly Cost VS I'!AB8) -> 61663 | C68: =IF('Machine Fixed Monthly Cost VS I'!AC8="","",'Machine Fixed Monthly Cost VS I'!AC8) -> 68162.69 | D68: =IF('Machine Fixed Monthly Cost VS I'!AD8="","",'Machine Fixed Monthly Cost VS I'!AD8) -> -6499.69 | E68: =IF('Monthly Running Cost'!N8="","",'Monthly Running Cost'!N8) -> 1052.92
A69: Jul | B69: =IF('Machine Fixed Monthly Cost VS I'!AF8="","",'Machine Fixed Monthly Cost VS I'!AF8) -> 68425 | C69: =IF('Machine Fixed Monthly Cost VS I'!AG8="","",'Machine Fixed Monthly Cost VS I'!AG8) -> 64980.66 | D69: =IF('Machine Fixed Monthly Cost VS I'!AH8="","",'Machine Fixed Monthly Cost VS I'!AH8) -> 3444.34 | E69: =IF('Monthly Running Cost'!P8="","",'Monthly Running Cost'!P8) -> 5000.35
A70: Aug | B70: =IF('Machine Fixed Monthly Cost VS I'!AJ8="","",'Machine Fixed Monthly Cost VS I'!AJ8) -> 53613 | C70: =IF('Machine Fixed Monthly Cost VS I'!AK8="","",'Machine Fixed Monthly Cost VS I'!AK8) -> 66809.41 | D70: =IF('Machine Fixed Monthly Cost VS I'!AL8="","",'Machine Fixed Monthly Cost VS I'!AL8) -> -13196.41 | E70: =IF('Monthly Running Cost'!R8="","",'Monthly Running Cost'!R8)
A71: Sep | B71: =IF('Machine Fixed Monthly Cost VS I'!AN8="","",'Machine Fixed Monthly Cost VS I'!AN8) | C71: =IF('Machine Fixed Monthly Cost VS I'!AO8="","",'Machine Fixed Monthly Cost VS I'!AO8) -> 51612.5 | D71: =IF('Machine Fixed Monthly Cost VS I'!AP8="","",'Machine Fixed Monthly Cost VS I'!AP8) | E71: =IF('Monthly Running Cost'!T8="","",'Monthly Running Cost'!T8)
A72: Oct | B72: =IF('Machine Fixed Monthly Cost VS I'!AR8="","",'Machine Fixed Monthly Cost VS I'!AR8) | C72: =IF('Machine Fixed Monthly Cost VS I'!AS8="","",'Machine Fixed Monthly Cost VS I'!AS8) -> 51612.5 | D72: =IF('Machine Fixed Monthly Cost VS I'!AT8="","",'Machine Fixed Monthly Cost VS I'!AT8) | E72: =IF('Monthly Running Cost'!V8="","",'Monthly Running Cost'!V8)
A73: Nov | B73: =IF('Machine Fixed Monthly Cost VS I'!AV8="","",'Machine Fixed Monthly Cost VS I'!AV8) | C73: =IF('Machine Fixed Monthly Cost VS I'!AW8="","",'Machine Fixed Monthly Cost VS I'!AW8) -> 51612.5 | D73: =IF('Machine Fixed Monthly Cost VS I'!AX8="","",'Machine Fixed Monthly Cost VS I'!AX8) | E73: =IF('Monthly Running Cost'!X8="","",'Monthly Running Cost'!X8)
A74: Dec | B74: =IF('Machine Fixed Monthly Cost VS I'!AZ8="","",'Machine Fixed Monthly Cost VS I'!AZ8) | C74: =IF('Machine Fixed Monthly Cost VS I'!BA8="","",'Machine Fixed Monthly Cost VS I'!BA8) -> 51612.5 | D74: =IF('Machine Fixed Monthly Cost VS I'!BB8="","",'Machine Fixed Monthly Cost VS I'!BB8) | E74: =IF('Monthly Running Cost'!Z8="","",'Monthly Running Cost'!Z8)
A76: CASE TLB (TLB06)
A77: Month | B77: Income | C77: Fixed Expenses | D77: Profit / Loss | E77: Monthly Running Cost
A78: Jan | B78: =IF('Machine Fixed Monthly Cost VS I'!H9="","",'Machine Fixed Monthly Cost VS I'!H9) -> 33327 | C78: =IF('Machine Fixed Monthly Cost VS I'!I9="","",'Machine Fixed Monthly Cost VS I'!I9) -> 37058.29 | D78: =IF('Machine Fixed Monthly Cost VS I'!J9="","",'Machine Fixed Monthly Cost VS I'!J9) -> -3731.29 | E78: =IF('Monthly Running Cost'!D9="","",'Monthly Running Cost'!D9) -> 3315
A79: Feb | B79: =IF('Machine Fixed Monthly Cost VS I'!L9="","",'Machine Fixed Monthly Cost VS I'!L9) -> 54772.2 | C79: =IF('Machine Fixed Monthly Cost VS I'!M9="","",'Machine Fixed Monthly Cost VS I'!M9) -> 44099.69 | D79: =IF('Machine Fixed Monthly Cost VS I'!N9="","",'Machine Fixed Monthly Cost VS I'!N9) -> 10672.51 | E79: =IF('Monthly Running Cost'!F9="","",'Monthly Running Cost'!F9) -> 7374.33
A80: Mar | B80: =IF('Machine Fixed Monthly Cost VS I'!P9="","",'Machine Fixed Monthly Cost VS I'!P9) -> 63917 | C80: =IF('Machine Fixed Monthly Cost VS I'!Q9="","",'Machine Fixed Monthly Cost VS I'!Q9) -> 41321.89 | D80: =IF('Machine Fixed Monthly Cost VS I'!R9="","",'Machine Fixed Monthly Cost VS I'!R9) -> 22595.11 | E80: =IF('Monthly Running Cost'!H9="","",'Monthly Running Cost'!H9)
A81: Apr | B81: =IF('Machine Fixed Monthly Cost VS I'!T9="","",'Machine Fixed Monthly Cost VS I'!T9) -> 47817 | C81: =IF('Machine Fixed Monthly Cost VS I'!U9="","",'Machine Fixed Monthly Cost VS I'!U9) -> 42516.99 | D81: =IF('Machine Fixed Monthly Cost VS I'!V9="","",'Machine Fixed Monthly Cost VS I'!V9) -> 5300.01 | E81: =IF('Monthly Running Cost'!J9="","",'Monthly Running Cost'!J9) -> 4875.93
A82: May | B82: =IF('Machine Fixed Monthly Cost VS I'!X9="","",'Machine Fixed Monthly Cost VS I'!X9) -> 45724 | C82: =IF('Machine Fixed Monthly Cost VS I'!Y9="","",'Machine Fixed Monthly Cost VS I'!Y9) -> 43001.49 | D82: =IF('Machine Fixed Monthly Cost VS I'!Z9="","",'Machine Fixed Monthly Cost VS I'!Z9) -> 2722.51 | E82: =IF('Monthly Running Cost'!L9="","",'Monthly Running Cost'!L9) -> 7877.5
A83: Jun | B83: =IF('Machine Fixed Monthly Cost VS I'!AB9="","",'Machine Fixed Monthly Cost VS I'!AB9) -> 49427 | C83: =IF('Machine Fixed Monthly Cost VS I'!AC9="","",'Machine Fixed Monthly Cost VS I'!AC9) -> 43276.04 | D83: =IF('Machine Fixed Monthly Cost VS I'!AD9="","",'Machine Fixed Monthly Cost VS I'!AD9) -> 6150.96 | E83: =IF('Monthly Running Cost'!N9="","",'Monthly Running Cost'!N9)
A84: Jul | B84: =IF('Machine Fixed Monthly Cost VS I'!AF9="","",'Machine Fixed Monthly Cost VS I'!AF9) -> 68747 | C84: =IF('Machine Fixed Monthly Cost VS I'!AG9="","",'Machine Fixed Monthly Cost VS I'!AG9) -> 43001.49 | D84: =IF('Machine Fixed Monthly Cost VS I'!AH9="","",'Machine Fixed Monthly Cost VS I'!AH9) -> 25745.51 | E84: =IF('Monthly Running Cost'!P9="","",'Monthly Running Cost'!P9) -> 15522.85
A85: Aug | B85: =IF('Machine Fixed Monthly Cost VS I'!AJ9="","",'Machine Fixed Monthly Cost VS I'!AJ9) -> 51037 | C85: =IF('Machine Fixed Monthly Cost VS I'!AK9="","",'Machine Fixed Monthly Cost VS I'!AK9) -> 45310.94 | D85: =IF('Machine Fixed Monthly Cost VS I'!AL9="","",'Machine Fixed Monthly Cost VS I'!AL9) -> 5726.06 | E85: =IF('Monthly Running Cost'!R9="","",'Monthly Running Cost'!R9)
A86: Sep | B86: =IF('Machine Fixed Monthly Cost VS I'!AN9="","",'Machine Fixed Monthly Cost VS I'!AN9) | C86: =IF('Machine Fixed Monthly Cost VS I'!AO9="","",'Machine Fixed Monthly Cost VS I'!AO9) -> 31438.09 | D86: =IF('Machine Fixed Monthly Cost VS I'!AP9="","",'Machine Fixed Monthly Cost VS I'!AP9) | E86: =IF('Monthly Running Cost'!T9="","",'Monthly Running Cost'!T9)
A87: Oct | B87: =IF('Machine Fixed Monthly Cost VS I'!AR9="","",'Machine Fixed Monthly Cost VS I'!AR9) | C87: =IF('Machine Fixed Monthly Cost VS I'!AS9="","",'Machine Fixed Monthly Cost VS I'!AS9) -> 31438.09 | D87: =IF('Machine Fixed Monthly Cost VS I'!AT9="","",'Machine Fixed Monthly Cost VS I'!AT9) | E87: =IF('Monthly Running Cost'!V9="","",'Monthly Running Cost'!V9)
A88: Nov | B88: =IF('Machine Fixed Monthly Cost VS I'!AV9="","",'Machine Fixed Monthly Cost VS I'!AV9) | C88: =IF('Machine Fixed Monthly Cost VS I'!AW9="","",'Machine Fixed Monthly Cost VS I'!AW9) -> 31438.09 | D88: =IF('Machine Fixed Monthly Cost VS I'!AX9="","",'Machine Fixed Monthly Cost VS I'!AX9) | E88: =IF('Monthly Running Cost'!X9="","",'Monthly Running Cost'!X9)
A89: Dec | B89: =IF('Machine Fixed Monthly Cost VS I'!AZ9="","",'Machine Fixed Monthly Cost VS I'!AZ9) | C89: =IF('Machine Fixed Monthly Cost VS I'!BA9="","",'Machine Fixed Monthly Cost VS I'!BA9) -> 31438.09 | D89: =IF('Machine Fixed Monthly Cost VS I'!BB9="","",'Machine Fixed Monthly Cost VS I'!BB9) | E89: =IF('Monthly Running Cost'!Z9="","",'Monthly Running Cost'!Z9)
A91: CASE TLB (TLB07)
A92: Month | B92: Income | C92: Fixed Expenses | D92: Profit / Loss | E92: Monthly Running Cost
A93: Jan | B93: =IF('Machine Fixed Monthly Cost VS I'!H10="","",'Machine Fixed Monthly Cost VS I'!H10) -> 33327 | C93: =IF('Machine Fixed Monthly Cost VS I'!I10="","",'Machine Fixed Monthly Cost VS I'!I10) -> 38236.83 | D93: =IF('Machine Fixed Monthly Cost VS I'!J10="","",'Machine Fixed Monthly Cost VS I'!J10) -> -4909.83 | E93: =IF('Monthly Running Cost'!D10="","",'Monthly Running Cost'!D10) -> 6078.44
A94: Feb | B94: =IF('Machine Fixed Monthly Cost VS I'!L10="","",'Machine Fixed Monthly Cost VS I'!L10) -> 54579 | C94: =IF('Machine Fixed Monthly Cost VS I'!M10="","",'Machine Fixed Monthly Cost VS I'!M10) -> 45342.83 | D94: =IF('Machine Fixed Monthly Cost VS I'!N10="","",'Machine Fixed Monthly Cost VS I'!N10) -> 9236.17 | E94: =IF('Monthly Running Cost'!F10="","",'Monthly Running Cost'!F10) -> 25788.62
A95: Mar | B95: =IF('Machine Fixed Monthly Cost VS I'!P10="","",'Machine Fixed Monthly Cost VS I'!P10) -> 60697 | C95: =IF('Machine Fixed Monthly Cost VS I'!Q10="","",'Machine Fixed Monthly Cost VS I'!Q10) -> 43695.53 | D95: =IF('Machine Fixed Monthly Cost VS I'!R10="","",'Machine Fixed Monthly Cost VS I'!R10) -> 17001.47 | E95: =IF('Monthly Running Cost'!H10="","",'Monthly Running Cost'!H10) -> 2580.19
A96: Apr | B96: =IF('Machine Fixed Monthly Cost VS I'!T10="","",'Machine Fixed Monthly Cost VS I'!T10) -> 43631 | C96: =IF('Machine Fixed Monthly Cost VS I'!U10="","",'Machine Fixed Monthly Cost VS I'!U10) -> 41951.33 | D96: =IF('Machine Fixed Monthly Cost VS I'!V10="","",'Machine Fixed Monthly Cost VS I'!V10) -> 1679.67 | E96: =IF('Monthly Running Cost'!J10="","",'Monthly Running Cost'!J10) -> 346
A97: May | B97: =IF('Machine Fixed Monthly Cost VS I'!X10="","",'Machine Fixed Monthly Cost VS I'!X10) -> 53452 | C97: =IF('Machine Fixed Monthly Cost VS I'!Y10="","",'Machine Fixed Monthly Cost VS I'!Y10) -> 38435.63 | D97: =IF('Machine Fixed Monthly Cost VS I'!Z10="","",'Machine Fixed Monthly Cost VS I'!Z10) -> 15016.37 | E97: =IF('Monthly Running Cost'!L10="","",'Monthly Running Cost'!L10) -> 2383.56
A98: Jun | B98: =IF('Machine Fixed Monthly Cost VS I'!AB10="","",'Machine Fixed Monthly Cost VS I'!AB10) -> 55062 | C98: =IF('Machine Fixed Monthly Cost VS I'!AC10="","",'Machine Fixed Monthly Cost VS I'!AC10) -> 44346.63 | D98: =IF('Machine Fixed Monthly Cost VS I'!AD10="","",'Machine Fixed Monthly Cost VS I'!AD10) -> 10715.37 | E98: =IF('Monthly Running Cost'!N10="","",'Monthly Running Cost'!N10)
A99: Jul | B99: =IF('Machine Fixed Monthly Cost VS I'!AF10="","",'Machine Fixed Monthly Cost VS I'!AF10) -> 73577 | C99: =IF('Machine Fixed Monthly Cost VS I'!AG10="","",'Machine Fixed Monthly Cost VS I'!AG10) -> 44841.63 | D99: =IF('Machine Fixed Monthly Cost VS I'!AH10="","",'Machine Fixed Monthly Cost VS I'!AH10) -> 28735.37 | E99: =IF('Monthly Running Cost'!P10="","",'Monthly Running Cost'!P10) -> 5000.35
A100: Aug | B100: =IF('Machine Fixed Monthly Cost VS I'!AJ10="","",'Machine Fixed Monthly Cost VS I'!AJ10) -> 51520 | C100: =IF('Machine Fixed Monthly Cost VS I'!AK10="","",'Machine Fixed Monthly Cost VS I'!AK10) -> 44661.63 | D100: =IF('Machine Fixed Monthly Cost VS I'!AL10="","",'Machine Fixed Monthly Cost VS I'!AL10) -> 6858.37 | E100: =IF('Monthly Running Cost'!R10="","",'Monthly Running Cost'!R10) -> 1644.5
A101: Sep | B101: =IF('Machine Fixed Monthly Cost VS I'!AN10="","",'Machine Fixed Monthly Cost VS I'!AN10) | C101: =IF('Machine Fixed Monthly Cost VS I'!AO10="","",'Machine Fixed Monthly Cost VS I'!AO10) -> 32616.63 | D101: =IF('Machine Fixed Monthly Cost VS I'!AP10="","",'Machine Fixed Monthly Cost VS I'!AP10) | E101: =IF('Monthly Running Cost'!T10="","",'Monthly Running Cost'!T10)
A102: Oct | B102: =IF('Machine Fixed Monthly Cost VS I'!AR10="","",'Machine Fixed Monthly Cost VS I'!AR10) | C102: =IF('Machine Fixed Monthly Cost VS I'!AS10="","",'Machine Fixed Monthly Cost VS I'!AS10) -> 32616.63 | D102: =IF('Machine Fixed Monthly Cost VS I'!AT10="","",'Machine Fixed Monthly Cost VS I'!AT10) | E102: =IF('Monthly Running Cost'!V10="","",'Monthly Running Cost'!V10)
A103: Nov | B103: =IF('Machine Fixed Monthly Cost VS I'!AV10="","",'Machine Fixed Monthly Cost VS I'!AV10) | C103: =IF('Machine Fixed Monthly Cost VS I'!AW10="","",'Machine Fixed Monthly Cost VS I'!AW10) -> 32616.63 | D103: =IF('Machine Fixed Monthly Cost VS I'!AX10="","",'Machine Fixed Monthly Cost VS I'!AX10) | E103: =IF('Monthly Running Cost'!X10="","",'Monthly Running Cost'!X10)
A104: Dec | B104: =IF('Machine Fixed Monthly Cost VS I'!AZ10="","",'Machine Fixed Monthly Cost VS I'!AZ10) | C104: =IF('Machine Fixed Monthly Cost VS I'!BA10="","",'Machine Fixed Monthly Cost VS I'!BA10) -> 32616.63 | D104: =IF('Machine Fixed Monthly Cost VS I'!BB10="","",'Machine Fixed Monthly Cost VS I'!BB10) | E104: =IF('Monthly Running Cost'!Z10="","",'Monthly Running Cost'!Z10)
A106: CASE420 (430) (SS01)
A107: Month | B107: Income | C107: Fixed Expenses | D107: Profit / Loss | E107: Monthly Running Cost
...

Sheet Machine Monthly Graphs
A1: Machine Monthly Income, Fixed Expenses and Profit / Loss
A2: Monthly trend per plant. Blank income/profit periods remain unplotted until figures are entered on the source sheet.
